Workbook

Sheet 총괄
A1: 국립생태원 건물 및 물품내역서 총괄
A3: 연번 | B3: 구분 | C3: 금액 | D3: 비고
A4: 1 | B4: 국립생태원 건물 | C4: ='국립생태원 건물'!F39 -> 234375889560
A5: 2 | B5: 전시물품 | C5: =전시물품!G4 -> 2748353786
A6: 3 | B6: 행정물품 | C6: =물품현황!Q1 -> 14917081053
A7: 4 | B7: 마스터플랜 기계장비 등 | C7: ='마스터플랜 기계장비 등'!E96 -> 1.1411346e+09
A8: 5 | B8: 에코리움 기계장비 등 | C8: ='에코리움 기계장비 등'!G156 -> 3503673400
A9: 6 | B9: 국립생태원 운반장치 등 | C9: =운반장치!I22 -> 515210000
A10: 7 | B10: 국립생태원 정보통신장비 | C10: =정보통신장비!G4 -> 1907504000
A11: 8 | B11: 국립생태원 본관 도서 | C11: =서적!H3726 -> 1.7234427e+08
B12: 합계 | C12: =SUM(C4:C11) -> 2.5928119e+11

Sheet 국립생태원 건물
A1: 1. 화재보험 가입대상 건축물 현황
A3: 소 재 지 | C3: 충청남도 서천군 마서면 금강로 1210(송내리 755번지) | F3: 대지면적 | G3: 984,400.7㎡
A5: 연번 | B5: 건 물 명 | C5: 연면적(㎡) | D5: 건물구조 | E5: 용도 | F5: 취득금액(원) | G5: 취득일자 | H5: 비 고
A6: 1 | B6: 국립생태원 본관 | C6: 8419.34 | D6: 철근콘크리트구조 | E6: 교육연구시설 | F6: 32049685564 | G6: 2012.12.21
A7: 2 | B7: 생태교육관 | C7: 3199.92 | D7: 철근콘크리트구조/철골조 | E7: 교육연구시설 | F7: 15861762825 | G7: 2012.12.21
A8: 3 | B8: 복원생태관 | C8: 5234.22 | D8: 철근콘크리트구조/철골조 | E8: 교육연구시설 | F8: 20009890000 | G8: 2012.12.21
A9: 4 | B9: 방문자센터 | C9: 3537.23 | D9: 철골철근콘크리트구조 | E9: 문화및집회시설 | F9: 18402534090 | G9: 2012.12.21
A10: 5 | B10: 방문자숙소-1 | C10: 750.34 | D10: 철근콘크리트구조 | E10: 교육연구시설 | F10: 2367061453 | G10: 2014. 04. 25
A11: 6 | B11: 방문자숙소-2 | C11: 720.56 | D11: 철근콘크리트구조 | E11: 교육연구시설 | F11: 2132131186 | G11: 2012.12.21
A12: 7 | B12: 방문자숙소-3 | C12: 720.56 | D12: 철근콘크리트구조 | E12: 교육연구시설 | F12: 2223523000 | G12: 2012.12.21
A13: 8 | B13: 방문자숙소-4 | C13: 744.39 | D13: 철근콘크리트구조 | E13: 교육연구시설 | F13: 2334252950 | G13: 2012.12.21
A14: 9 | B14: 관리사무소 | C14: 138.76 | D14: 철근콘크리트구조 | E14: 교육연구시설 | F14: 351265960 | G14: 2012.12.21
A15: 10 | B15: 팽나무광장매표소 | C15: 477.86 | D15: 철근콘크리트구조 | E15: 교육연구시설 | F15: 1864198180 | G15: 2012.12.21
A16: 11 | B16: 마을숲광장매표소 | C16: 186.2 | D16: 철근콘크리트구조 | E16: 교육연구시설 | F16: 539640620 | G16: 2012.12.21
A17: 12 | B17: 하다람편의점 | C17: 227.83 | D17: 철근콘크리트구조 | E17: 교육연구시설 | F17: 587444000 | G17: 2012.12.21
... A37: 32 | B37: 방문자숙소(별관) | C37: 246.51 | D37: 철근콘크리트구조 | E37: 교육연구시설 | F37: 964202989 | G37: 2013.12.23
A38: 33 | B38: 재배온실-8(연구용식물증식) | C38: 400 | D38: 경량철골구조 | E38: 교육연구시설 | F38: 131216660 | G38: 2015.2.11
B39: 합 계 | C39: =SUM(C6:C38) -> 59206.06 | F39: =SUM(F6:F38) -> 234375889560

Sheet 전시물품
A1: 2. 국립생태원 전시물품 가입대상
A3: 구분 | B3: 연번 | C3: 품명 | D3: 규격 | E3: 단위 | F3: 수량 | G3: 구입단가(원) | H3: 취득일자 | I3: 보관장소
B4: 합계 | G4: =G5+G208+G396+G464+G52+G1130 -> 2748353786
A5: 1. 방문자센터 | B5: 소계 | G5: =SUM(G6:G51) -> 274930000
B6: 1 | C6: 갤럭시플레이어 | D6: YP-GB1EW(메모리:16GB) | E6: 대 | F6: 50 | G6: 11800000 | H6: '12.6.14. | I6: 방문자센터(안내데스크)
B7: 2 | C7: POWER AMP | D7: 앰프(50W) | E7: 대 | F7: 9 | G7: 2250000 | H7: 12.6.14 | I7: 방문자센터(1층 조정실 및 전시공간)
B8: 3 | C8: POWER AMP | D8: 앰프(200W) | E8: 대 | F8: 5 | G8: 3010000 | H8: '12.6.14. | I8: 방문자센터(2층 조정실)
B9: 4 | C9: RACK | D9: RACK(11,27,39H) | E9: 대 | F9: 4 | G9: 2600000 | H9: 12.6.14 | I9: 방문자센터(1층, 2층 조정실)
B10: 5 | C10: POWER DISTRIBUTOR | D10: SWED 2000W× 4 | E10: 대 | F10: 4 | G10: 1200000 | H10: '12.6.14. | I10: 방문자센터(1층, 2층 조정실)
B11: 6 | C11: SENSOR | D11: 근접식 | E11: 대 | F11: 3 | G11: 900000 | H11: 12.6.14 | I11: 방문자센터(1층 전시공간)
B12: 7 | C12: Media Player | D12: 영상플레이어 | E12: 대 | F12: 4 | G12: 1600000 | H12: '12.6.14. | I12: 방문자센터(1층 전시공간)
B13: 8 | C13: LED TV | D13: 40" LED TV | E13: 대 | F13: 2 | G13: 3254000 | H13: '12.6.14. | I13: 방문자센터(1층 전시공간)
B14: 9 | C14: LED MONITOR BRACKET | D14: BRACKET | E14: 대 | F14: 21 | G14: 3780000 | H14: 12.6.14 | I14: 방문자센터(1층, 2층 전시공간)
B15: 10 | C15: SPEAKER | D15: SPEAKER 50W | E15: 대 | F15: 17 | G15: 5950000 | H15: '12.6.14. | I15: 방문자센터(1층 전시공간)
B16: 11 | C16: SPEAKER BRACKET | D16: SPEAKER BRACKET(고정형) | E16: 대 | F16: 24 | G16: 1296000 | H16: 12.6.14 | I16: 방문자센터(1층, 2층 전시공간)
B17: 12 | C17: LED MONITOR | D17: LED MONITOR(32") | E17: 대 | F17: 3 | G17: 2343000 | H17: '12.6.14. | I17: 방문자센터(1층 전시공간)
... B51: 46 | C51: AVR (30K) | D51: 500(W)×650(D)×1100(H)mm | E51: 대 | F51: 1 | G51: 3200000 | H51: '12.6.14. | I51: 방문자센터(1층 조정실)
A52: 2. 상설주제전시관 | B52: 소계 | G52: =SUM(G53:G207) -> 447109960
B53: 1 | C53: SENSOR | D53: PA-6810E | E53: 대 | F53: 1 | G53: 261000 | H53: 12.6.14. | I53: 제1상설주제전시관
B54: 2 | C54: SHOW CONTROLLER | D54: MIR-7000 | E54: 대 | F54: 1 | G54: 2175000 | H54: 12.6.14. | I54: 제1상설주제전시관
B55: 3 | C55: MEDIA SERVER | D55: MIR-S | E55: 대 | F55: 1 | G55: 2175000 | H55: 12.6.14. | I55: 제1상설주제전시관
B56: 4 | C56: GRAPHIC CARD | D56: M9120-E512LPUFU | E56: 대 | F56: 1 | G56: 591000 | H56: 12.6.14. | I56: 제1상설주제전시관
B57: 5 | C57: LED MONITOR | D57: UN40EH5000F | E57: 대 | F57: 3 | G57: 1122300 | H57: 12.6.14. | I57: 제1상설주제전시관
B58: 6 | C58: MONITOR BRACKET | D58: 제작사양 | E58: 대 | F58: 3 | G58: 261000 | H58: 12.6.14. | I58: 제1상설주제전시관
B59: 7 | C59: MULTI SYNC PROGRAM | D59: 제작사양 | E59: 대 | F59: 1 | G59: 3045000 | H59: 12.6.14. | I59: 제1상설주제전시관
B60: 8 | C60: SENSOR | D60: PA-6810E | E60: 대 | F60: 1 | G60: 261000 | H60: 12.6.14. | I60: 제1상설주제전시관
B61: 9 | C61: DIGITAL VIDEO PLAYER | D61: MIR-HC2000 | E61: 대 | F61: 1 | G61: 1740000 | H61: 12.6.14. | I61: 제1상설주제전시관
B62: 10 | C62: LED MONITOR | D62: UN40EH5000F | E62: 대 | F62: 1 | G62: 1122300 | H62: 12.6.14. | I62: 제1상설주제전시관
B63: 11 | C63: POWER AMP | D63: R-300PLUS | E63: 대 | F63: 1 | G63: 420000 | H63: 12.6.14. | I63: 제1상설주제전시관
B64: 12 | C64: SPEAKER | D64: CONTROL 23 | E64: 대 | F64: 2 | G64: 957000 | H64: 12.6.14. | I64: 제1상설주제전시관
... B90: 38 | C90: LCD PROJECTOR | D90: PLC-ZM5000 | E90: 대 | F90: 2 | G90: 19140000 | H90: 12.6.14. | I90: 제1상설주제전시관
B91: 39 | C91: PROJECTOR LAMP | D91: 5000ANSI용 | E91: 대 | F91: 2 | G91: 1044000 | H91: 12.6.14. | I91: 제1상설주제전시관 | J91: 소모품
B92: 40 | C92: OPTION LENS | D92: 1.3 - 1.7: 1 | E92: 대 | F92: 2 | G92: 6003000 | H92: 12.6.14. | I92: 제1상설주제전시관
B93: 41 | C93: PROJECTOR 브라켓 | D93: 제작사양 | E93: 대 | F93: 2 | G93: 870000 | H93: 12.6.14. | I93: 제1상설주제전시관
B94: 42 | C94: PANDORA BOX(WARPING/Edge) | D94: PL STD(COOLUX) | E94: 대 | F94: 2 | G94: 7830000 | H94: 12.6.14. | I94: 제1상설주제전시관
B95: 43 | C95: PANDORA BOX(WARPING/Edge) | D95: MM L.T(COOLUX) | E95: 대 | F95: 1 | G95: 5655000 | H95: 12.6.14. | I95: 제1상설주제전시관
B96: 44 | C96: MULTI SYNC PROGRAM | D96: 제작사양 | E96: 대 | F96: 1 | G96: 3045000 | H96: 12.6.14. | I96: 제1상설주제전시관
B97: 45 | C97: POWER AMP | D97: R-300PLUS | E97: 대 | F97: 1 | G97: 420000 | H97: 12.6.14. | I97: 제1상설주제전시관
B98: 46 | C98: SPEAKER | D98: CONTROL 23 | E98: 대 | F98: 2 | G98: 957000 | H98: 12.6.14. | I98: 제1상설주제전시관
B99: 47 | C99: SENSOR | D99: PA-6810E | E99: 대 | F99: 1 | G99: 261000 | H99: 12.6.14. | I99: 제1상설주제전시관
B100: 48 | C100: DIGITAL VIDEO PLAYER | D100: MIR-HC2000 | E100: 대 | F100: 1 | G100: 1740000 | H100: 12.6.14. | I100: 제1상설주제전시관
B101: 49 | C101: LCD PROJECTOR | D101: PLC-ZM5000 | E101: 대 | F101: 1 | G101: 9570000 | H101: 12.6.14. | I101: 제1상설주제전시관
B102: 50 | C102: PROJECTOR LAMP | D102: 5000ANSI용 | E102: 대 | F102: 1 | G102: 522000 | H102: 12.6.14. | I102: 제1상설주제전시관 | J102: 소모품
B103: 51 | C103: OPTION LENS | D103: 1.3 - 1.7: 1 | E103: 대 | F103: 1 | G103: 3001500 | H103: 12.6.14. | I103: 제1상설주제전시관
B104: 52 | C104: PROJECTOR 브라켓 | D104: 제작사양 | E104: 대 | F104: 1 | G104: 435000 | H104: 12.6.14. | I104: 제1상설주제전시관
B105: 53 | C105: SENSOR | D105: PA-6810E | E105: 대 | F105: 1 | G105: 261000 | H105: 12.6.14. | I105: 제1상설주제전시관
B106: 54 | C106: REMOCON | D106: GRFM-3KEY | E106: 대 | F106: 1 | G106: 478500 | H106: 12.6.14. | I106: 제1상설주제전시관
B107: 55 | C107: SHOW CONTROLLER | D107: MIR-7000 | E107: 대 | F107: 1 | G107: 2175000 | H107: 12.6.14. | I107: 제1상설주제전시관
B108: 56 | C108: MEDIA SERVER | D108: MIR-S | E108: 대 | F108: 7 | G108: 15225000 | H108: 12.6.14. | I108: 제1상설주제전시관
B109: 57 | C109: GIGABIT HUB | D109: TL-SG1016 | E109: 대 | F109: 1 | G109: 321900 | H109: 12.6.14. | I109: 제1상설주제전시관
B110: 58 | C110: LCD PROJECTOR | D110: PLC-ZM5000 | E110: 대 | F110: 6 | G110: 57420000 | H110: 12.6.14. | I110: 제1상설주제전시관
B111: 59 | C111: PROJECTOR LAMP | D111: 5000ANSI용 | E111: 대 | F111: 6 | G111: 3132000 | H111: 12.6.14. | I111: 제1상설주제전시관 | J111: 소모품
B112: 60 | C112: OPTION LENS | D112: 1.3 - 1.7: 1 | E112: 대 | F112: 6 | G112: 18009000 | H112: 12.6.14. | I112: 제1상설주제전시관
B113: 61 | C113: PROJECTOR 브라켓 | D113: 제작사양 | E113: 대 | F113: 6 | G113: 2610000 | H113: 12.6.14. | I113: 제1상설주제전시관
B114: 62 | C114: POWER AMP | D114: R-300PLUS | E114: 대 | F114: 2 | G114: 840000 | H114: 12.6.14. | I114: 제1상설주제전시관
B115: 63 | C115: SPEAKER | D115: CONTROL 23 | E115: 대 | F115: 4 | G115: 1914000 | H115: 12.6.14. | I115: 제1상설주제전시관
B116: 64 | C116: PANDORA BOX(WARPING/Edge) | D116: PL STD(COOLUX) | E116: 대 | F116: 6 | G116: 23490000 | H116: 12.6.14. | I116: 제1상설주제전시관
B117: 65 | C117: PANDORA BOX(WARPING/Edge) | D117: MM L.T(COOLUX) | E117: 대 | F117: 1 | G117: 5655000 | H117: 12.6.14. | I117: 제1상설주제전시관
B118: 66 | C118: LIGHT CONTROLLER | D118: MIR-5000 | E118: 대 | F118: 1 | G118: 1740000 | H118: 12.6.14. | I118: 제1상설주제전시관
B119: 67 | C119: DIMMER CONTROLLER | D119: MIR-6000 | E119: 대 | F119: 1 | G119: 1740000 | H119: 12.6.14. | I119: 제1상설주제전시관
B120: 68 | C120: 샤막스크린 | D120: SHATKSTOOTH | E120: 대 | F120: 1 | G120: 7395000 | H120: 12.6.14. | I120: 제1상설주제전시관
B121: 69 | C121: SYSTEM RACK | D121: 40H | E121: 대 | F121: 3 | G121: 2296800 | H121: 12.6.14. | I121: 제1상설주제전시관
B122: 70 | C122: POWER DISTRIBUTER | D122: PA-9359A | E122: 대 | F122: 3 | G122: 1260630 | H122: 12.6.14. | I122: 제1상설주제전시관
B123: 71 | C123: PC MONITER | D123: B1940 | E123: 대 | F123: 1 | G123: 230000 | H123: 12.6.14. | I123: 제1상설주제전시관
... B132: 80 | C132: LCD PROJECTOR | D132: PLC-ZM5000 | E132: 대 | F132: 1 | G132: 9570000 | H132: 12.6.14. | I132: 제2상설주제전시관
B133: 81 | C133: PROJECTOR LAMP | D133: 5000ANSI용 | E133: 대 | F133: 1 | G133: 522000 | H133: 12.6.14. | I133: 제2상설주제전시관 | J133: 소모품
B134: 82 | C134: OPTION LENS | D134: 1.3 - 1.7: 1 | E134: 대 | F134: 1 | G134: 3001500 | H134: 12.6.14. | I134: 제2상설주제전시관
B135: 83 | C135: PROJECTOR 브라켓 | D135: 제작사양 | E135: 대 | F135: 1 | G135: 435000 | H135: 12.6.14. | I135: 제2상설주제전시관
B136: 84 | C136: SENSOR | D136: PA-6810E | E136: 대 | F136: 2 | G136: 432000 | H136: 12.6.14. | I136: 제2상설주제전시관
B137: 85 | C137: DIGITAL VIDEO PLAYER | D137: MIR-HC2000 | E137: 대 | F137: 2 | G137: 3480000 | H137: 12.6.14. | I137: 제2상설주제전시관
B138: 86 | C138: LCD | D138: UN40EH5000F | E138: 대 | F138: 2 | G138: 2244600 | H138: 12.6.14. | I138: 제2상설주제전시관
B139: 87 | C139: MONITOR BRACKET | D139: 제작사양 | E139: 대 | F139: 2 | G139: 522000 | H139: 12.6.14. | I139: 제2상설주제전시관
B140: 88 | C140: POWER AMP | D140: R-300PLUS | E140: 대 | F140: 2 | G140: 840000 | H140: 12.6.14. | I140: 제2상설주제전시관
B141: 89 | C141: SPEAKER | D141: CONTROL 23 | E141: 대 | F141: 4 | G141: 1914000 | H141: 12.6.14. | I141: 제2상설주제전시관
B142: 90 | C142: SENSOR | D142: PA-6810E | E142: 대 | F142: 1 | G142: 261000 | H142: 12.6.14. | I142: 제2상설주제전시관
B143: 91 | C143: DIGITAL VIDEO PLAYER | D143: MIR-HC2000 | E143: 대 | F143: 1 | G143: 1740000 | H143: 12.6.14. | I143: 제2상설주제전시관
B144: 92 | C144: LCD | D144: UN40EH5000F | E144: 대 | F144: 1 | G144: 1122300 | H144: 12.6.14. | I144: 제2상설주제전시관
B145: 93 | C145: MONITOR BRACKET | D145: 제작사양 | E145: 대 | F145: 1 | G145: 261000 | H145: 12.6.14. | I145: 제2상설주제전시관
... B151: 99 | C151: LCD PROJECTOR | D151: PLC-ZM5000 | E151: 대 | F151: 1 | G151: 9570000 | H151: 12.6.14. | I151: 제2상설주제전시관
B152: 100 | C152: PROJECTOR LAMP | D152: 5000ANSI용 | E152: 대 | F152: 1 | G152: 522000 | H152: 12.6.14. | I152: 제2상설주제전시관 | J152: 소모품
B153: 101 | C153: OPTION LENS | D153: 1.3 - 1.7: 1 | E153: 대 | F153: 1 | G153: 3001500 | H153: 12.6.14. | I153: 제2상설주제전시관
B154: 102 | C154: PROJECTOR 브라켓 | D154: 제작사양 | E154: 대 | F154: 1 | G154: 435000 | H154: 12.6.14. | I154: 제2상설주제전시관
B155: 103 | C155: POWER AMP | D155: R-300PLUS | E155: 대 | F155: 2 | G155: 840000 | H155: 12.6.14. | I155: 제2상설주제전시관
B156: 104 | C156: SPEAKER | D156: CONTROL 23 | E156: 대 | F156: 4 | G156: 1914000 | H156: 12.6.14. | I156: 제2상설주제전시관
B157: 105 | C157: LIGHT CONTROLLER | D157: MIR-5000 | E157: 대 | F157: 1 | G157: 1740000 | H157: 12.6.14. | I157: 제2상설주제전시관
B158: 106 | C158: DMX CONTROLLER | D158: A200 XP2 | E158: 대 | F158: 1 | G158: 1044000 | H158: 12.6.14. | I158: 제2상설주제전시관
B159: 107 | C159: WIND MACHINE | D159: TIS-140FS | E159: 대 | F159: 3 | G159: 4567500 | H159: 12.6.14. | I159: 제2상설주제전시관
B160: 108 | C160: FOG MACHINE | D160: Z-1200LL | E160: 대 | F160: 2 | G160: 2958000 | H160: 12.6.14. | I160: 제2상설주제전시관
B161: 109 | C161: LCD MONITOR | D161: T24B350T | E161: 대 | F161: 9 | G161: 3132000 | H161: 12.6.14. | I161: 제2상설주제전시관
B162: 110 | C162: MULTI SYNC PROGRAM | D162: 제작사양 | E162: 대 | F162: 3 | G162: 9135000 | H162: 12.6.14. | I162: 제2상설주제전시관
B163: 111 | C163: MONITOR BRACKET | D163: 제작사양 | E163: 대 | F163: 9 | G163: 2349000 | H163: 12.6.14. | I163: 제2상설주제전시관
B164: 112 | C164: GRAPHIC CARD | D164: M9120-E512LPUFU | E164: 대 | F164: 2 | G164: 1183200 | H164: 12.6.14. | I164: 제2상설주제전시관
... B207: 155 | C207: 장비선반 | D207: 3H | E207: 대 | F207: 3 | G207: 300000 | H207: 12.6.14. | I207: 제2상설주제전시관
A208: 3. 극지관 & 교육실험실 | B208: 소계 | G208: =SUM(G209:G395) -> 956267986
B209: 1 | C209: SENSOR | D209: 적외선 | E209: 대 | F209: 2 | G209: 300000 | H209: 12.6.14 | I209: 극지관
B210: 2 | C210: DIGITAL SOUND PROCESSOR | D210: TST-6400 | E210: 대 | F210: 1 | G210: 5000000 | H210: 12.6.14 | I210: 극지관
B211: 3 | C211: POWER AMP | D211: 150W MONO | E211: 대 | F211: 3 | G211: 350000 | H211: 12.6.14 | I211: 극지관
B212: 4 | C212: SPEAKER | D212: 50W | E212: 대 | F212: 6 | G212: 350000 | H212: 12.6.14 | I212: 극지관
B213: 5 | C213: SPEAKER BRACKET | D213: 천정고정형 | E213: 대 | F213: 6 | G213: 54000 | H213: 12.6.14 | I213: 극지관
B214: 6 | C214: SENSOR | D214: 적외선 | E214: 대 | F214: 1 | G214: 300000 | H214: 12.6.14 | I214: 극지관
...

Sheet 물품현황
Q1: =SUM(Q3:Q7998) -> 14917081053
A2: 순번 | B2: 10품종코드 | C2: 10품종 | D2: 분류번호 | E2: 식별번호 | F2: 품명 | G2: 품목 | H2: 10품종명 | I2: 취득사유 | J2: 규격명 | K2: 운영부서 | L2: 사용위치 | M2: 물품용도 | N2: 취득일자 | O2: 정리일자 | P2: 수량 | Q2: 취득단가 | R2: 내용년수 | S2: 국내외구분 | T2: 자산명
A3: 1 | D3: 41115811 | E3: 10047546 | F3: DNA서열분석기 | G3: DNA서열분석기, Amersham Pharmacia Biptech AB, SE/ALF express | I3: 이동/사용전환 | J3: DNA서열분석기, Amersham Pharmacia Biptech AB, SE/ALF express | K3: 기획총괄과 | N3: 41997 | O3: 42034 | P3: 1 | Q3: 137896000 | R3: 10 | T3: DNA서열분석기(환경유전체분석시스템)
A4: 2 | D4: 52161518 | E4: 21657513 | F4: GPS수신기 | G4: GPS플로터, Garmin, TW/Oregon 300 | I4: 이동/사용전환 | J4: GPS플로터, Garmin, TW/Oregon 300 | K4: 기획총괄과 | M4: 기존자산 | N4: 39955 | O4: 41829 | P4: 1 | Q4: 1100000 | R4: 8 | T4: GPS수신기
A5: 3 | D5: 52161518 | E5: 21657513 | F5: GPS수신기 | G5: GPS플로터, Garmin, TW/Oregon 300 | I5: 이동/사용전환 | J5: GPS플로터, Garmin, TW/Oregon 300 | K5: 기획총괄과 | M5: 기존자산 | N5: 40070 | O5: 41829 | P5: 1 | Q5: 1199000 | R5: 8 | T5: GPS수신기
A6: 4 | D6: 52161518 | E6: 21657513 | F6: GPS수신기 | G6: GPS플로터, Garmin, TW/Oregon 300 | I6: 이동/사용전환 | J6: GPS플로터, Garmin, TW/Oregon 300 | K6: 기획총괄과 | M6: 기존자산 | N6: 41569 | O6: 41829 | P6: 1 | Q6: 18700000 | R6: 8 | T6: GPS수신기
A7: 5 | D7: 52161518 | E7: 21657513 | F7: GPS수신기 | G7: GPS플로터, Garmin, TW/Oregon 300 | I7: 이동/사용전환 | J7: GPS플로터, Garmin, TW/Oregon 300 | K7: 기획총괄과 | M7: 기존자산 | N7: 41597 | O7: 41829 | P7: 1 | Q7: 2640550 | R7: 8 | T7: GPS수신기
A8: 6 | D8: 52161518 | E8: 22175850 | F8: GPS수신기 | G8: GPS, Garmin, TW/GPSMAP 62s, 12채널 | I8: 이동/사용전환 | J8: GPS, Garmin, TW/GPSMAP 62s, 12채널 | K8: 기후변화연구부 | L8: 복원생태관1층_105호실험실 | M8: 기존자산 | N8: 41789 | O8: 41969 | P8: 1 | Q8: 855000 | R8: 5 | T8: GPS시스템1
A9: 7 | D9: 52161518 | E9: 22175850 | F9: GPS수신기 | G9: GPS, Garmin, TW/GPSMAP 62s, 12채널 | I9: 이동/사용전환 | J9: GPS, Garmin, TW/GPSMAP 62s, 12채널 | K9: 기후변화연구부 | L9: 복원생태관1층_105호실험실 | M9: 기존자산 | N9: 41789 | O9: 41969 | P9: 1 | Q9: 855000 | R9: 5 | T9: GPS시스템1
A10: 8 | D10: 52161518 | E10: 22175850 | F10: GPS수신기 | G10: GPS, Garmin, TW/GPSMAP 62s, 12채널 | I10: 이동/사용전환 | J10: GPS, Garmin, TW/GPSMAP 62s, 12채널 | K10: 기후변화연구부 | L10: 복원생태관1층_105호실험실 | M10: 기존자산 | N10: 41789 | O10: 41969 | P10: 1 | Q10: 855000 | R10: 5 | T10: GPS시스템1
A11: 9 | D11: 52161518 | E11: 22175850 | F11: GPS수신기 | G11: GPS, Garmin, TW/GPSMAP 62s, 12채널 | I11: 이동/사용전환 | J11: GPS, Garmin, TW/GPSMAP 62s, 12채널 | K11: 기후변화연구부 | L11: 복원생태관1층_105호실험실 | M11: 기존자산 | N11: 41789 | O11: 41969 | P11: 1 | Q11: 855000 | R11: 5 | T11: GPS시스템1
A12: 10 | D12: 52161518 | E12: 22175850 | F12: GPS수신기 | G12: GPS, Garmin, TW/GPSMAP 62s, 12채널 | I12: 이동/사용전환 | J12: GPS, Garmin, TW/GPSMAP 62s, 12채널 | K12: 기후변화연구부 | L12: 복원생태관1층_105호실험실 | M12: 기존자산 | N12: 41789 | O12: 41969 | P12: 1 | Q12: 855000 | R12: 5 | T12: GPS시스템1
A13: 11 | D13: 52161518 | E13: 22393271 | F13: GPS수신기 | G13: GPS, Garmin, TW/Montana650, 12채널 | I13: 이동/사용전환 | J13: GPS, Garmin, TW/Montana650, 12채널 | K13: 기후변화연구부 | L13: 복원생태관1층_105호실험실 | M13: 기존자산 | N13: 41789 | O13: 41969 | P13: 1 | Q13: 1185000 | R13: 5 | T13: GPS시스템2
A14: 12 | D14: 52161518 | E14: 22460331 | F14: GPS수신기 | G14: GPS플로터, 해양오릭스, MX-140LF, 50채널 | I14: 이동/사용전환 | J14: GPS플로터, 해양오릭스, MX-140LF, 50채널 | K14: 자연환경조사부 | L14: 복원생태관2층_206호실험실 | M14: 기존자산 | N14: 41793 | O14: 41969 | P14: 1 | Q14: 773750 | R14: 5 | T14: GPS 수신기
A15: 13 | D15: 52161518 | E15: 22460331 | F15: GPS수신기 | G15: GPS플로터, 해양오릭스, MX-140LF, 50채널 | I15: 이동/사용전환 | J15: GPS플로터, 해양오릭스, MX-140LF, 50채널 | K15: 자연환경조사부 | L15: 복원생태관2층_206호실험실 | M15: 기존자산 | N15: 41793 | O15: 41969 | P15: 1 | Q15: 773750 | R15: 5 | T15: GPS 수신기
A16: 14 | D16: 52161518 | E16: 22460331 | F16: GPS수신기 | G16: GPS플로터, 해양오릭스, MX-140LF, 50채널 | I16: 이동/사용전환 | J16: GPS플로터, 해양오릭스, MX-140LF, 50채널 | K16: 자연환경조사부 | L16: 복원생태관2층_206호실험실 | M16: 기존자산 | N16: 41793 | O16: 41969 | P16: 1 | Q16: 773750 | R16: 5 | T16: GPS 수신기
A17: 15 | D17: 52161518 | E17: 22460331 | F17: GPS수신기 | G17: GPS플로터, 해양오릭스, MX-140LF, 50채널 | I17: 이동/사용전환 | J17: GPS플로터, 해양오릭스, MX-140LF, 50채널 | K17: 자연환경조사부 | L17: 복원생태관2층_206호실험실 | M17: 기존자산 | N17: 41793 | O17: 41969 | P17: 1 | Q17: 773750 | R17: 5 | T17: GPS 수신기
A18: 16 | D18: 52161518 | E18: 22460331 | F18: GPS수신기 | G18: GPS플로터, 해양오릭스, MX-140LF, 50채널 | I18: 이동/사용전환 | J18: GPS플로터, 해양오릭스, MX-140LF, 50채널 | K18: 자연환경조사부 | L18: 복원생태관2층_206호실험실 | M18: 기존자산 | N18: 41793 | O18: 41969 | P18: 1 | Q18: 773750 | R18: 5 | T18: GPS 수신기
A19: 17 | D19: 52161518 | E19: 22460331 | F19: GPS수신기 | G19: GPS플로터, 해양오릭스, MX-140LF, 50채널 | I19: 이동/사용전환 | J19: GPS플로터, 해양오릭스, MX-140LF, 50채널 | K19: 자연환경조사부 | L19: 복원생태관2층_206호실험실 | M19: 기존자산 | N19: 41793 | O19: 41969 | P19: 1 | Q19: 773750 | R19: 5 | T19: GPS 수신기
... A110: 108 | D110: 52161518 | E110: 22393271 | F110: GPS수신기 | G110: GPS, Garmin, TW/Montana650, 12채널 | I110: 이동/사용전환 | J110: GPS, Garmin, TW/Montana650, 12채널 | K110: 위해생물연구부 | L110: 본관3층_302호위해생물연구부 | M110: 기존자산 | N110: 41899 | O110: 41969 | P110: 1 | Q110: 1100000 | R110: 5 | T110: GPS 측정기
A111: 109 | D111: 52161518 | E111: 22153552 | F111: GPS수신기 | G111: GPS, Hi-Target surveying instrument, CN/V30, 220채널 | I111: 이동/사용전환 | J111: GPS, Hi-Target surveying instrument, CN/V30, 220채널 | K111: 생태계서비스연구부 | L111: 본관2층_226호방사성동위원소실험실 | N111: 41963 | O111: 42034 | P111: 1 | Q111: 18000400 | R111: 8 | T111: GPS RTK 측량시스템
A112: 110 | D112: 52161518 | E112: 20967740 | F112: GPS수신기 | G112: GPS, 이노지오, SG200402, Sync GPS | I112: 이동/사용전환 | J112: GPS, 이노지오, SG200402, Sync GPS | K112: 기획총괄과 | L112: 미확인물품 | N112: 41992 | O112: 42034 | P112: 1 | Q112: 1144000 | R112: 8 | T112: GPS
A113: 111 | D113: 52161518 | E113: 20967740 | F113: GPS수신기 | G113: GPS, 이노지오, SG200402, Sync GPS | I113: 이동/사용전환 | J113: GPS, 이노지오, SG200402, Sync GPS | K113: 기획총괄과 | L113: 미확인물품 | N113: 41992 | O113: 42034 | P113: 1 | Q113: 1144000 | R113: 8 | T113: GPS
A114: 112 | D114: 52161518 | E114: 22656940 | F114: GPS수신기 | G114: GPS, Leica geosystems, CH/CS15, GNSS컨트롤러, 125×45×245mm | I114: 이동/사용전환 | J114: GPS, Leica geosystems, CH/CS15, GNSS컨트롤러, 125×45×245mm | K114: 자연환경조사부 | L114: 자연환경조사부 | N114: 42123 | O114: 42157 | P114: 1 | Q114: 23100000 | R114: 8 | T114: GNSS시스템(측량장비) / 3주파 GNSS System GS15
A115: 113 | D115: 52161518 | E115: 22393271 | F115: GPS수신기 | G115: GPS, Garmin, TW/Montana650, 12채널 | I115: 이동/사용전환 | J115: GPS, Garmin, TW/Montana650, 12채널 | K115: 위해생물연구부 | L115: 위해생물연구부 | N115: 42124 | O115: 42157 | P115: 1 | Q115: 1100000 | R115: 8 | T115: 한글판, Montana 650TK
A116: 114 | D116: 52161518 | E116: 22393271 | F116: GPS수신기 | G116: GPS, Garmin, TW/Montana650, 12채널 | I116: 이동/사용전환 | J116: GPS, Garmin, TW/Montana650, 12채널 | K116: 위해생물연구부 | L116: 위해생물연구부 | N116: 42124 | O116: 42157 | P116: 1 | Q116: 1100000 | R116: 8 | T116: 한글판, Montana 650TK
A117: 115 | D117: 52161518 | E117: 21962620 | F117: GPS수신기 | G117: GPS, Garmin, TW/Vista HCx, 12채널 | I117: 이동/사용전환 | J117: GPS, Garmin, TW/Vista HCx, 12채널 | K117: 위해생물연구부 | L117: 위해생물연구부 | N117: 42124 | O117: 42157 | P117: 1 | Q117: 577500 | R117: 8 | T117: 한글판, VISTA HCX
A118: 116 | D118: 52161518 | E118: 21962620 | F118: GPS수신기 | G118: GPS, Garmin, TW/Vista HCx, 12채널 | I118: 이동/사용전환 | J118: GPS, Garmin, TW/Vista HCx, 12채널 | K118: 위해생물연구부 | L118: 위해생물연구부 | N118: 42124 | O118: 42157 | P118: 1 | Q118: 577500 | R118: 8 | T118: 한글판, VISTA HCX
A119: 117 | D119: 52161518 | E119: 21962620 | F119: GPS수신기 | G119: GPS, Garmin, TW/Vista HCx, 12채널 | I119: 이동/사용전환 | J119: GPS, Garmin, TW/Vista HCx, 12채널 | K119: 위해생물연구부 | L119: 위해생물연구부 | N119: 42124 | O119: 42157 | P119: 1 | Q119: 577500 | R119: 8 | T119: 한글판, VISTA HCX
A120: 118 | D120: 52161518 | E120: 21962620 | F120: GPS수신기 | G120: GPS, Garmin, TW/Vista HCx, 12채널 | I120: 이동/사용전환 | J120: GPS, Garmin, TW/Vista HCx, 12채널 | K120: 위해생물연구부 | L120: 위해생물연구부 | N120: 42124 | O120: 42157 | P120: 1 | Q120: 577500 | R120: 8 | T120: 한글판, VISTA HCX
A121: 119 | D121: 52161518 | E121: 21962620 | F121: GPS수신기 | G121: GPS, Garmin, TW/Vista HCx, 12채널 | I121: 이동/사용전환 | J121: GPS, Garmin, TW/Vista HCx, 12채널 | K121: 위해생물연구부 | L121: 위해생물연구부 | N121: 42124 | O121: 42157 | P121: 1 | Q121: 577500 | R121: 8 | T121: 한글판, VISTA HCX
A122: 120 | D122: 52161518 | E122: 21962620 | F122: GPS수신기 | G122: GPS, Garmin, TW/Vista HCx, 12채널 | I122: 이동/사용전환 | J122: GPS, Garmin, TW/Vista HCx, 12채널 | K122: 위해생물연구부 | L122: 위해생물연구부 | N122: 42124 | O122: 42157 | P122: 1 | Q122: 577500 | R122: 8 | T122: 한글판, VISTA HCX
... A126: 124 | D126: 52161518 | E126: 21962620 | F126: GPS수신기 | G126: GPS, Garmin, TW/Vista HCx, 12채널 | I126: 이동/사용전환 | J126: GPS, Garmin, TW/Vista HCx, 12채널 | K126: 위해생물연구부 | L126: 위해생물연구부 | N126: 42124 | O126: 42157 | P126: 1 | Q126: 577500 | R126: 8 | T126: 한글판, VISTA HCX
A127: 125 | D127: 43191511 | E127: 21828680 | F127: IP전화기 | G127: IP전화기, 삼성전자, SMT-I5243 | I127: 이동/사용전환 | J127: IP전화기, 삼성전자, SMT-I5243 | K127: 기획부 | L127: 기획총괄과 | M127: 기존자산 | N127: 41374 | O127: 41829 | P127: 1 | Q127: 600000 | R127: 5 | T127: IP전화기
A128: 126 | D128: 43191511 | E128: 21828680 | F128: IP전화기 | G128: IP전화기, 삼성전자, SMT-I5243 | I128: 이동/사용전환 | J128: IP전화기, 삼성전자, SMT-I5243 | K128: 기획부 | L128: 기획총괄과 | M128: 기존자산 | N128: 41374 | O128: 41829 | P128: 1 | Q128: 600000 | R128: 5 | T128: IP전화기
A129: 127 | D129: 43191511 | E129: 21828680 | F129: IP전화기 | G129: IP전화기, 삼성전자, SMT-I5243 | I129: 이동/사용전환 | J129: IP전화기, 삼성전자, SMT-I5243 | K129: 기획부 | L129: 기획총괄과 | M129: 기존자산 | N129: 41374 | O129: 41829 | P129: 1 | Q129: 600000 | R129: 5 | T129: IP전화기
A130: 128 | D130: 43191511 | E130: 21828680 | F130: IP전화기 | G130: IP전화기, 삼성전자, SMT-I5243 | I130: 이동/사용전환 | J130: IP전화기, 삼성전자, SMT-I5243 | K130: 기획부 | L130: 기획총괄과 | M130: 기존자산 | N130: 41374 | O130: 41829 | P130: 1 | Q130: 600000 | R130: 5 | T130: IP전화기
A131: 129 | D131: 43191511 | E131: 21828680 | F131: IP전화기 | G131: IP전화기, 삼성전자, SMT-I5243 | I131: 이동/사용전환 | J131: IP전화기, 삼성전자, SMT-I5243 | K131: 기획부 | L131: 기획총괄과 | M131: 기존자산 | N131: 41374 | O131: 41829 | P131: 1 | Q131: 600000 | R131: 5 | T131: IP전화기
A132: 130 | D132: 43191511 | E132: 21828680 | F132: IP전화기 | G132: IP전화기, 삼성전자, SMT-I5243 | I132: 이동/사용전환 | J132: IP전화기, 삼성전자, SMT-I5243 | K132: 기획부 | L132: 기획총괄과 | M132: 기존자산 | N132: 41374 | O132: 41829 | P132: 1 | Q132: 600000 | R132: 5 | T132: IP전화기
A133: 131 | D133: 43191511 | E133: 21828680 | F133: IP전화기 | G133: IP전화기, 삼성전자, SMT-I5243 | I133: 이동/사용전환 | J133: IP전화기, 삼성전자, SMT-I5243 | K133: 기획부 | L133: 기획총괄과 | M133: 기존자산 | N133: 41374 | O133: 41829 | P133: 1 | Q133: 600000 | R133: 5 | T133: IP전화기
A134: 132 | D134: 43191511 | E134: 21828680 | F134: IP전화기 | G134: IP전화기, 삼성전자, SMT-I5243 | I134: 이동/사용전환 | J134: IP전화기, 삼성전자, SMT-I5243 | K134: 기획부 | L134: 기획총괄과 | M134: 기존자산 | N134: 41374 | O134: 41829 | P134: 1 | Q134: 600000 | R134: 5 | T134: IP전화기
A135: 133 | D135: 43191511 | E135: 21828680 | F135: IP전화기 | G135: IP전화기, 삼성전자, SMT-I5243 | I135: 이동/사용전환 | J135: IP전화기, 삼성전자, SMT-I5243 | K135: 기획부 | L135: 기획총괄과 | M135: 기존자산 | N135: 41374 | O135: 41829 | P135: 1 | Q135: 600000 | R135: 5 | T135: IP전화기
A136: 134 | D136: 43191511 | E136: 21828680 | F136: IP전화기 | G136: IP전화기, 삼성전자, SMT-I5243 | I136: 이동/사용전환 | J136: IP전화기, 삼성전자, SMT-I5243 | K136: 기획부 | L136: 기획총괄과 | M136: 기존자산 | N136: 41374 | O136: 41829 | P136: 1 | Q136: 600000 | R136: 5 | T136: IP전화기
A137: 135 | D137: 43191511 | E137: 21828680 | F137: IP전화기 | G137: IP전화기, 삼성전자, SMT-I5243 | I137: 이동/사용전환 | J137: IP전화기, 삼성전자, SMT-I5243 | K137: 기획부 | L137: 기획총괄과 | M137: 기존자산 | N137: 41374 | O137: 41829 | P137: 1 | Q137: 600000 | R137: 5 | T137: IP전화기
A138: 136 | D138: 43191511 | E138: 21828680 | F138: IP전화기 | G138: IP전화기, 삼성전자, SMT-I5243 | I138: 이동/사용전환 | J138: IP전화기, 삼성전자, SMT-I5243 | K138: 기획부 | L138: 기획총괄과 | M138: 기존자산 | N138: 41374 | O138: 41829 | P138: 1 | Q138: 600000 | R138: 5 | T138: IP전화기
... A629: 627 | D629: 43211902 | E629: 22668494 | F629: LCD패널또는모니터 | G629: 액정모니터, 엘지전자, CN/24MP55HQ, 60.4cm | I629: 이동/사용전환 | J629: 액정모니터, 엘지전자, CN/24MP55HQ, 60.4cm | K629: 전시기획부 | L629: 에코리움1층_전시기획부 | M629: 기존자산 | N629: 41929 | O629: 41969 | P629: 1 | Q629: 231000 | R629: 5 | T629: 모니터
A630: 628 | D630: 43211902 | E630: 22407340 | F630: LCD패널또는모니터 | G630: 액정모니터, 삼보컴퓨터, CN/TGL TW5511, 59.94cm | I630: 이동/사용전환 | J630: 액정모니터, 삼보컴퓨터, CN/TGL TW5511, 59.94cm | K630: 자연환경조사부 | L630: 복원생태관2층_203호자연환경조사부 | N630: 41976 | O630: 42034 | P630: 1 | Q630: 280000 | R630: 5 | T630: 모니터
A631: 629 | D631: 43211902 | E631: 22407340 | F631: LCD패널또는모니터 | G631: 액정모니터, 삼보컴퓨터, CN/TGL TW5511, 59.94cm | I631: 이동/사용전환 | J631: 액정모니터, 삼보컴퓨터, CN/TGL TW5511, 59.94cm | K631: 자연환경조사부 | L631: 복원생태관2층_203호자연환경조사부 | N631: 41976 | O631: 42034 | P631: 1 | Q631: 280000 | R631: 5 | T631: 모니터
A632: 630 | D632: 43211902 | E632: 22407340 | F632: LCD패널또는모니터 | G632: 액정모니터, 삼보컴퓨터, CN/TGL TW5511, 59.94cm | I632: 이동/사용전환 | J632: 액정모니터, 삼보컴퓨터, CN/TGL TW5511, 59.94cm | K632: 자연환경조사부 | L632: 복원생태관2층_203호자연환경조사부 | N632: 41976 | O632: 42034 | P632: 1 | Q632: 280000 | R632: 5 | T632: 모니터
A633: 631 | D633: 43211902 | E633: 22481469 | F633: LCD패널또는모니터 | G633: 액정모니터, 삼성전자, CN/LS22C20KBSSGKR, 54.68cm | I633: 이동/사용전환 | J633: 액정모니터, 삼성전자, CN/LS22C20KBSSGKR, 54.68cm | K633: 재정운용부 | L633: 본관1층_101호재정운용부 | N633: 41976 | O633: 42034 | P633: 1 | Q633: 225000 | R633: 5 | T633: LCD모니터
A634: 632 | D634: 43211902 | E634: 22481469 | F634: LCD패널또는모니터 | G634: 액정모니터, 삼성전자, CN/LS22C20KBSSGKR, 54.68cm | I634: 이동/사용전환 | J634: 액정모니터, 삼성전자, CN/LS22C20KBSSGKR, 54.68cm | K634: 재정운용부 | L634: 본관1층_101호재정운용부 | N634: 41976 | O634: 42034 | P634: 1 | Q634: 225000 | R634: 5 | T634: LCD모니터
A635: 633 | D635: 43211902 | E635: 22481469 | F635: LCD패널또는모니터 | G635: 액정모니터, 삼성전자, CN/LS22C20KBSSGKR, 54.68cm | I635: 이동/사용전환 | J635: 액정모니터, 삼성전자, CN/LS22C20KBSSGKR, 54.68cm | K635: 재정운용부 | L635: 본관1층_101호재정운용부 | N635: 41976 | O635: 42034 | P635: 1 | Q635: 225000 | R635: 5 | T635: LCD모니터
A636: 634 | D636: 43211902 | E636: 22734710 | F636: LCD패널또는모니터 | G636: 액정모니터, 엘지전자, CN/17MB15P, 43.1cm | I636: 이동/사용전환 | J636: 액정모니터, 엘지전자, CN/17MB15P, 43.1cm | K636: 전시기획부 | L636: 에코리움1층_전시기획부 | N636: 41976 | O636: 42034 | P636: 1 | Q636: 195000 | R636: 5 | T636: 모니터
A637: 635 | D637: 43211902 | E637: 22734710 | F637: LCD패널또는모니터 | G637: 액정모니터, 엘지전자, CN/17MB15P, 43.1cm | I637: 이동/사용전환 | J637: 액정모니터, 엘지전자, CN/17MB15P, 43.1cm | K637: 전시기획부 | L637: 에코리움1층_전시기획부 | N637: 41976 | O637: 42034 | P637: 1 | Q637: 195000 | R637: 5 | T637: 모니터
A638: 636 | D638: 43211902 | E638: 22734710 | F638: LCD패널또는모니터 | G638: 액정모니터, 엘지전자, CN/17MB15P, 43.1cm | I638: 이동/사용전환 | J638: 액정모니터, 엘지전자, CN/17MB15P, 43.1cm | K638: 전시기획부 | L638: 에코리움1층_전시기획부 | N638: 41976 | O638: 42034 | P638: 1 | Q638: 195000 | R638: 5 | T638: 모니터
A639: 637 | D639: 43211902 | E639: 22734710 | F639: LCD패널또는모니터 | G639: 액정모니터, 엘지전자, CN/17MB15P, 43.1cm | I639: 이동/사용전환 | J639: 액정모니터, 엘지전자, CN/17MB15P, 43.1cm | K639: 전시기획부 | L639: 에코리움1층_전시기획부 | N639: 41976 | O639: 42034 | P639: 1 | Q639: 195000 | R639: 5 | T639: 모니터
A640: 638 | D640: 43211902 | E640: 22734710 | F640: LCD패널또는모니터 | G640: 액정모니터, 엘지전자, CN/17MB15P, 43.1cm | I640: 이동/사용전환 | J640: 액정모니터, 엘지전자, CN/17MB15P, 43.1cm | K640: 전시기획부 | L640: 에코리움1층_전시기획부 | N640: 41976 | O640: 42034 | P640: 1 | Q640: 195000 | R640: 5 | T640: 모니터
A641: 639 | D641: 43211902 | E641: 22734710 | F641: LCD패널또는모니터 | G641: 액정모니터, 엘지전자, CN/17MB15P, 43.1cm | I641: 이동/사용전환 | J641: 액정모니터, 엘지전자, CN/17MB15P, 43.1cm | K641: 전시기획부 | L641: 에코리움1층_전시기획부 | N641: 41976 | O641: 42034 | P641: 1 | Q641: 195000 | R641: 5 | T641: 모니터
... A734: 732 | D734: 43211902 | E734: 22832498 | F734: LCD패널또는모니터 | G734: 액정모니터, 엘지전자, CN/27MP37VQ, 68.5cm | I734: 이동/사용전환 | J734: 액정모니터, 엘지전자, CN/27MP37VQ, 68.5cm | K734: 미래기획연구실(T/F) | L734: 본관2층_203호미래기획연구실(TF) | N734: 42138 | O734: 42157 | P734: 1 | Q734: 290000 | R734: 5 | T734: LG, 27MP37VQ, LED 27인치
A735: 733 | D735: 41115603 | E735: 21806431 | F735: pH측정기 | G735: pH측정기, Toadkk, JP/RM-30P, 휴대용 | I735: 이동/사용전환 | J735: pH측정기, Toadkk, JP/RM-30P, 휴대용 | K735: 기획총괄과 | L735: 미확인물품 | M735: 기존자산 | N735: 41235 | O735: 41829 | P735: 1 | Q735: 858000 | R735: 10 | T735: pH측정기
A736: 734 | D736: 41115603 | E736: 21806429 | F736: pH측정기 | G736: pH측정기, Toadkk, JP/HM-30P, 휴대용 | I736: 이동/사용전환 | J736: pH측정기, Toadkk, JP/HM-30P, 휴대용 | K736: 기획총괄과 | L736: 미확인물품 | M736: 기존자산 | N736: 41235 | O736: 41829 | P736: 1 | Q736: 897600 | R736: 10 | T736: pH측정기
A737: 735 | D737: 41115603 | E737: 22286262 | F737: pH측정기 | G737: pH측정기, Mettler toledo, CH/SevenCompact pH/Ion S220-K | I737: 이동/사용전환 | J737: pH측정기, Mettler toledo, CH/SevenCompact pH/Ion S220-K | K737: 온실식물부 | L737: 식물관리동1층_준비실 | M737: 기존자산 | N737: 41842 | O737: 41969 | P737: 1 | Q737: 1931600 | R737: 5 | T737: pH측정기 세트
A738: 736 | D738: 41115603 | E738: 21806429 | F738: pH측정기 | G738: pH측정기, Toadkk, JP/HM-30P, 휴대용 | I738: 이동/사용전환 | J738: pH측정기, Toadkk, JP/HM-30P, 휴대용 | K738: 동물관리부 | L738: 에코리움지하1층_수조관리실 | M738: 기존자산 | N738: 41842 | O738: 41969 | P738: 1 | Q738: 715000 | R738: 5 | T738: ph-meter
A739: 737 | D739: 41115603 | E739: 20765166 | F739: pH측정기 | G739: pH측정기, Elmetron, PL/CP-411P+ | I739: 이동/사용전환 | J739: pH측정기, Elmetron, PL/CP-411P+ | K739: 기획총괄과 | L739: 미확인물품 | M739: 기존자산 | N739: 41884 | O739: 41969 | P739: 1 | Q739: 779000 | R739: 5 | T739: 전기전도계, ph미터(휴대용)
A740: 738 | D740: 21101903 | E740: 22040366 | F740: 가금의부란기와양육기 | G740: 부화기, 새실산업, SS-N30DD, 30개, 누드부화기 | I740: 이동/사용전환 | J740: 부화기, 새실산업, SS-N30DD, 30개, 누드부화기 | K740: 동물관리부 | L740: 에코리움1층_극지관 사육실 | M740: 기존자산 | N740: 41802 | O740: 41969 | P740: 1 | Q740: 880000 | R740: 5 | T740: 누드 디지털 부화기
A741: 739 | D741: 21101903 | E741: 22040366 | F741: 가금의부란기와양육기 | G741: 부화기, 새실산업, SS-N30DD, 30개, 누드부화기 | I741: 이동/사용전환 | J741: 부화기, 새실산업, SS-N30DD, 30개, 누드부화기 | K741: 동물관리부 | L741: 에코리움1층_극지관 사육실 | M741: 기존자산 | N741: 41802 | O741: 41969 | P741: 1 | Q741: 880000 | R741: 5 | T741: 누드 디지털 부화기
A742: 740 | D742: 21101903 | E742: 21173827 | F742: 가금의부란기와양육기 | G742: 육추기, 오토일렉스, BX-501S, 70W, 5~12마리 | I742: 이동/사용전환 | J742: 육추기, 오토일렉스, BX-501S, 70W, 5~12마리 | K742: 동물관리부 | L742: 동물동1층_진료실 | N742: 42124 | O742: 42157 | P742: 1 | Q742: 710930 | R742: 10 | T742: 버드브루더, MX-BS500
A743: 741 | D743: 21101903 | E743: 21173827 | F743: 가금의부란기와양육기 | G743: 육추기, 오토일렉스, BX-501S, 70W, 5~12마리 | I743: 이동/사용전환 | J743: 육추기, 오토일렉스, BX-501S, 70W, 5~12마리 | K743: 동물관리부 | L743: 동물동1층_진료실 | N743: 42124 | O743: 42157 | P743: 1 | Q743: 710930 | R743: 10 | T743: 버드브루더, MX-BS500
A744: 742 | D744: 21101903 | E744: 21173828 | F744: 가금의부란기와양육기 | G744: 부화기, 오토일렉스, PX-20RD, 60W, 파충류알부화기 | I744: 이동/사용전환 | J744: 부화기, 오토일렉스, PX-20RD, 60W, 파충류알부화기 | K744: 동물관리부 | L744: 동물동1층_진료실 약품창고 | N744: 42124 | O744: 42157 | P744: 1 | Q744: 469920 | R744: 10 | T744: 알콤프로20, PX20
A745: 743 | D745: 21101903 | E745: 21173828 | F745: 가금의부란기와양육기 | G745: 부화기, 오토일렉스, PX-20RD, 60W, 파충류알부화기 | I745: 이동/사용전환 | J745: 부화기, 오토일렉스, PX-20RD, 60W, 파충류알부화기 | K745: 동물관리부 | L745: 동물동1층_진료실 약품창고 | N745: 42124 | O745: 42157 | P745: 1 | Q745: 469920 | R745: 10 | T745: 알콤프로20, PX20
A746: 744 | D746: 39111526 | E746: 22773890 | F746: 가로등주및부속자재 | G746: 스테인리스가로등주, 천일, CI-RSP-08B, 8m, 2등용 | I746: 이동/사용전환 | J746: 스테인리스가로등주, 천일, CI-RSP-08B, 8m, 2등용 | K746: 교육운영부 | L746: 생태교육동2층_201호 제2강의실 | M746: 기존자산 | N746: 41407 | O746: 41829 | P746: 1 | Q746: 585100 | R746: 10 | T746: 약품장, 목제, 하부서랍형, 1000×450×1100mm
A747: 745 | D747: 39111526 | E747: 22773890 | F747: 가로등주및부속자재 | G747: 스테인리스가로등주, 천일, CI-RSP-08B, 8m, 2등용 | I747: 이동/사용전환 | J747: 스테인리스가로등주, 천일, CI-RSP-08B, 8m, 2등용 | K747: 교육운영부 | L747: 생태교육동2층_201호 제2강의실 | M747: 기존자산 | N747: 41407 | O747: 41829 | P747: 1 | Q747: 585100 | R747: 10 | T747: 약품장, 목제, 하부서랍형, 1000×450×1100mm
A748: 746 | D748: 26101515 | E748: 21171358 | F748: 가솔린선외모터 | G748: 가솔린선외모터, Tohatsu, JP/M3.5BS, 2.6kW, 2Strokes | I748: 이동/사용전환 | J748: 가솔린선외모터, Tohatsu, JP/M3.5BS, 2.6kW, 2Strokes | K748: 위해생물연구부 | L748: 본관1층_118호 | M748: 기존자산 | N748: 41899 | O748: 41969 | P748: 1 | Q748: 1237500 | R748: 5 | T748: 가솔린선외모터
A749: 747 | D749: 42272501 | E749: 21143003 | F749: 가스마취기 | G749: 가스마취기, 제이앤텍, Paieon | I749: 이동/사용전환 | J749: 가스마취기, 제이앤텍, Paieon | K749: 동물병원부 | L749: 복원생태관2층_209호수술실 | M749: 기존자산 | N749: 41452 | O749: 41829 | P749: 1 | Q749: 27500000 | R749: 10 | T749: 가스마취기
A750: 748 | D750: 42272501 | E750: 21194605 | F750: 가스마취기 | G750: 가스마취기, 로얄메디칼, Multiplus MEVD | I750: 이동/사용전환 | J750: 가스마취기, 로얄메디칼, Multiplus MEVD | K750: 동물병원부 | L750: 복원생태관2층_209호수술실 | M750: 기존자산 | N750: 41585 | O750: 41829 | P750: 1 | Q750: 2198473 | R750: 10 | T750: 가스마취기
A751: 749 | D751: 42272501 | E751: 20552541 | F751: 가스마취기 | G751: 가스마취기, 대종기기산업, DJ1-104, 동물용흡입마취기 | I751: 이동/사용전환 | J751: 가스마취기, 대종기기산업, DJ1-104, 동물용흡입마취기 | K751: 동물병원부 | L751: 복원생태관2층_215호진료실 | N751: 41955 | O751: 42034 | P751: 1 | Q751: 5500000 | R751: 10 | T751: 동물용호흡마취기(VME2)
A752: 750 | D752: 26111604 | E752: 20488943 | F752: 가스발전기 | G752: 가솔린발전기, Honda, JP/EU10i, 단상, 1kVA, DC12V-8A, 인버터형 | I752: 이동/사용전환 | J752: 가솔린발전기, Honda, JP/EU10i, 단상, 1kVA, DC12V-8A, 인버터형 | K752: 자연환경조사부 | L752: 복원생태관2층_206호실험실 | M752: 기존자산 | N752: 41737 | O752: 41969 | P752: 1 | Q752: 1034000 | R752: 5 | T752: 발전기(휴대용)
A753: 751 | D753: 26111604 | E753: 20488943 | F753: 가스발전기 | G753: 가솔린발전기, Honda, JP/EU10i, 단상, 1kVA, DC12V-8A, 인버터형 | I753: 이동/사용전환 | J753: 가솔린발전기, Honda, JP/EU10i, 단상, 1kVA, DC12V-8A, 인버터형 | K753: 자연환경조사부 | L753: 복원생태관2층_206호실험실 | M753: 기존자산 | N753: 41737 | O753: 41969 | P753: 1 | Q753: 1034000 | R753: 5 | T753: 발전기(휴대용)
A754: 752 | D754: 26111604 | E754: 20798976 | F754: 가스발전기 | G754: 가솔린발전기, 서울기연, SG5000SX, 단상, AC220V, 5.2kVA, 6L, 리코일식 | I754: 이동/사용전환 | J754: 가솔린발전기, 서울기연, SG5000SX, 단상, AC220V, 5.2kVA, 6L, 리코일식 | K754: 야외식물부 | L754: 야외식물부_정은정 | N754: 41999 | O754: 42034 | P754: 1 | Q754: 470000 | R754: 11 | T754: 혼다엔진양수기(3")
A755: 753 | D755: 26111604 | E755: 20688449 | F755: 가스발전기 | G755: 가솔린발전기, Honda, JP/SG7000EX, 1상6.5kVA AC220V | I755: 이동/사용전환 | J755: 가솔린발전기, Honda, JP/SG7000EX, 1상6.5kVA AC220V | K755: 기획총괄과 | L755: 미확인물품 | N755: 42004 | O755: 42034 | P755: 1 | Q755: 2739000 | R755: 11 | T755: 휴대용 발전기
A756: 754 | D756: 26111604 | E756: 20688449 | F756: 가스발전기 | G756: 가솔린발전기, Honda, JP/SG7000EX, 1상6.5kVA AC220V | I756: 이동/사용전환 | J756: 가솔린발전기, Honda, JP/SG7000EX, 1상6.5kVA AC220V | K756: 기획총괄과 | L756: 미확인물품 | N756: 42004 | O756: 42034 | P756: 1 | Q756: 1700600 | R756: 11 | T756: 휴대용 발전기
A757: 755 | D757: 40101903 | E757: 21956020 | F757: 가습기 | G757: 가습기, 엘지전자, H-50UNW, 400mL/h, 4.0L, 초음파식 | I757: 이동/사용전환 | J757: 가습기, 엘지전자, H-50UNW, 400mL/h, 4.0L, 초음파식 | K757: 동물병원부 | L757: 동물사육동1층_사무실 | M757: 기존자산 | N757: 41880 | O757: 41969 | P757: 1 | Q757: 415000 | R757: 5 | T757: 엘지, h-50unb (H-50UNW)
A758: 756 | D758: 40101903 | E758: 21956020 | F758: 가습기 | G758: 가습기, 엘지전자, H-50UNW, 400mL/h, 4.0L, 초음파식 | I758: 이동/사용전환 | J758: 가습기, 엘지전자, H-50UNW, 400mL/h, 4.0L, 초음파식 | K758: 동물병원부 | L758: 동물사육동1층_사무실 | M758: 기존자산 | N758: 41880 | O758: 41969 | P758: 1 | Q758: 415000 | R758: 5 | T758: 엘지, h-50unb (H-50UNW)
A759: 757 | D759: 40101903 | E759: 22789028 | F759: 가습기 | G759: 가습기, 엘지전자, LAW-B039AB, 330mL/h, 3.6L, 자연기화식 | I759: 이동/사용전환 | J759: 가습기, 엘지전자, LAW-B039AB, 330mL/h, 3.6L, 자연기화식 | K759: 홍보부 | L759: 본관2층_210호홍보부 | N759: 42004 | O759: 42034 | P759: 1 | Q759: 490000 | R759: 0 | T759: 가습기
A760: 758 | D760: 52141504 | E760: 21738544 | F760: 가정용레인지 | G760: 가정용가스레인지, 엘지전자, HT6221FP, 2구 | I760: 이동/사용전환 | J760: 가정용가스레인지, 엘지전자, HT6221FP, 2구 | K760: 교육운영부 | L760: 생태교육관1층_4강의실 | M760: 기존자산 | N760: 41324 | O760: 41829 | P760: 1 | Q760: 196500 | R760: 5 | T760: 가정용레인지
A761: 759 | D761: 52141504 | E761: 21738544 | F761: 가정용레인지 | G761: 가정용가스레인지, 엘지전자, HT6221FP, 2구 | I761: 이동/사용전환 | J761: 가정용가스레인지, 엘지전자, HT6221FP, 2구 | K761: 교육운영부 | L761: 생태교육관1층_4강의실 | M761: 기존자산 | N761: 41324 | O761: 41829 | P761: 1 | Q761: 196500 | R761: 5 | T761: 가정용레인지
A762: 760 | D762: 52141504 | E762: 21738544 | F762: 가정용레인지 | G762: 가정용가스레인지, 엘지전자, HT6221FP, 2구 | I762: 이동/사용전환 | J762: 가정용가스레인지, 엘지전자, HT6221FP, 2구 | K762: 기획부 | L762: 생태교육관1층_4강의실 | M762: 기존자산 | N762: 41324 | O762: 41829 | P762: 1 | Q762: 196500 | R762: 5 | T762: 가정용레인지
A763: 761 | D763: 52141601 | E763: 22094506 | F763: 가정용세탁기 | G763: 가정용세탁기, 삼성전자, WA-BB115SS, 11kg | I763: 이동/사용전환 | J763: 가정용세탁기, 삼성전자, WA-BB115SS, 11kg | K763: 동물관리부 | L763: 동물동1층_다용도실 | M763: 기존자산 | N763: 41204 | O763: 41829 | P763: 1 | Q763: 360000 | R763: 6 | T763: 가정용세탁기
A764: 762 | D764: 52141601 | E764: 20270566 | F764: 가정용세탁기 | G764: 가정용세탁기, 세탁기 | I764: 이동/사용전환 | J764: 가정용세탁기, 세탁기 | K764: 교육운영부 | L764: 교육생활관_4동103호린넨실 | M764: 기존자산 | N764: 41274 | O764: 41829 | P764: 1 | Q764: 591000 | R764: 6 | T764: 가정용세탁기
A765: 763 | D765: 52141601 | E765: 20422701 | F765: 가정용세탁기 | G765: 가정용세탁기, 엘지전자, WF-K85B, 8.5kg | I765: 이동/사용전환 | J765: 가정용세탁기, 엘지전자, WF-K85B, 8.5kg | K765: 교육운영부 | L765: 생태교육동1층_110호제4강의실 | M765: 기존자산 | N765: 41324 | O765: 41829 | P765: 1 | Q765: 329000 | R765: 6 | T765: 가정용세탁기
A766: 764 | D766: 52141601 | E766: 20422701 | F766: 가정용세탁기 | G766: 가정용세탁기, 엘지전자, WF-K85B, 8.5kg | I766: 이동/사용전환 | J766: 가정용세탁기, 엘지전자, WF-K85B, 8.5kg | K766: 교육운영부 | L766: 생태교육동1층_110호제4강의실 | M766: 기존자산 | N766: 41324 | O766: 41829 | P766: 1 | Q766: 329000 | R766: 6 | T766: 가정용세탁기
A767: 765 | D767: 52141601 | E767: 20422701 | F767: 가정용세탁기 | G767: 가정용세탁기, 엘지전자, WF-K85B, 8.5kg | I767: 이동/사용전환 | J767: 가정용세탁기, 엘지전자, WF-K85B, 8.5kg | K767: 교육운영부 | L767: 생태교육동1층_110호제4강의실 | M767: 기존자산 | N767: 41324 | O767: 41829 | P767: 1 | Q767: 329000 | R767: 6 | T767: 가정용세탁기
A768: 766 | D768: 52141601 | E768: 22089725 | F768: 가정용세탁기 | G768: 가정용세탁기, 엘지전자, T1207W6, 12kg | I768: 이동/사용전환 | J768: 가정용세탁기, 엘지전자, T1207W6, 12kg | K768: 동물병원부 | L768: 동물사육동1층_세탁실 | M768: 기존자산 | N768: 41473 | O768: 41829 | P768: 1 | Q768: 340000 | R768: 6 | T768: 가정용세탁기
A769: 767 | D769: 52141601 | E769: 22434375 | F769: 가정용세탁기 | G769: 가정용세탁기, 엘지전자, T2526S0Z, 15kg | I769: 이동/사용전환 | J769: 가정용세탁기, 엘지전자, T2526S0Z, 15kg | K769: 총무부 | L769: 관사_산너울마을25동2호(원장) | M769: 기존자산 | N769: 41675 | O769: 41969 | P769: 1 | Q769: 580000 | R769: 5 | T769: 세탁기
A770: 768 | D770: 52141601 | E770: 22434375 | F770: 가정용세탁기 | G770: 가정용세탁기, 엘지전자, T2526S0Z, 15kg | I770: 이동/사용전환 | J770: 가정용세탁기, 엘지전자, T2526S0Z, 15kg | K770: 총무부 | L770: 관사_골든팰리스907호(본부장) | M770: 기존자산 | N770: 41750 | O770: 41969 | P770: 1 | Q770: 650000 | R770: 5 | T770: 세탁기
A771: 769 | D771: 52141601 | E771: 22434375 | F771: 가정용세탁기 | G771: 가정용세탁기, 엘지전자, T2526S0Z, 15kg | I771: 이동/사용전환 | J771: 가정용세탁기, 엘지전자, T2526S0Z, 15kg | K771: 총무부 | L771: 관사_골든팰리스1005호(본부장) | M771: 기존자산 | N771: 41778 | O771: 41969 | P771: 1 | Q771: 650000 | R771: 5 | T771: 세탁기
... A775: 773 | D775: 52141601 | E775: 20705134 | F775: 가정용세탁기 | G775: 가정용세탁기, 엘지전자, WD-C101C, 10kg | I775: 이동/사용전환 | J775: 가정용세탁기, 엘지전자, WD-C101C, 10kg | K775: 동물관리부 | L775: 동물관리부 | M775: 기존자산 | N775: 41880 | O775: 41969 | P775: 1 | Q775: 1640000 | R775: 5 | T775: 세탁기
A776: 774 | D776: 52141601 | E776: 22698081 | F776: 가정용세탁기 | G776: 가정용세탁기, 엘지전자, FR4960MT2TZ, 드럼식, 세탁19/건조10kg | I776: 이동/사용전환 | J776: 가정용세탁기, 엘지전자, FR4960MT2TZ, 드럼식, 세탁19/건조10kg | K776: 동물관리부 | L776: 동물동1층_다용도실 | N776: 42002 | O776: 42034 | P776: 1 | Q776: 1913800 | R776: 6 | T776: 트롬세탁기
A777: 775 | D777: 52141601 | E777: 22548707 | F777: 가정용세탁기 | G777: 가정용세탁기, 삼성전자, WA16F7K8MTA, 16kg | I777: 이동/사용전환 | J777: 가정용세탁기, 삼성전자, WA16F7K8MTA, 16kg | K777: 온실식물부 | L777: 식물관리동_(남)장애인화장실 | N777: 42136 | O777: 42157 | P777: 1 | Q777: 640000 | R777: 6 | T777: 삼성전자, WA16F7K8MTA, 16KG
A778: 776 | D778: 52151650 | E778: 21148403 | F778: 가정용싱크대 | G778: 가정용싱크대, 씽크세상, UV드림, 1520×600×850mm | I778: 이동/사용전환 | J778: 가정용싱크대, 씽크세상, UV드림, 1520×600×850mm | K778: 동물관리부 | L778: 동물동1층_사무실 | M778: 기존자산 | N778: 41878 | O778: 41969 | P778: 1 | Q778: 1179200 | R778: 5 | T778: 씽크대
...

Sheet 엘리베이터 현황
A1: 4. 엘리베이터 현황
A3: 구분 | B3: 기종 | C3: 규격 | D3: 층수 | E3: 수량(대) | F3: 위치
A4: 엘리베이터 | B4: 승객화물용 | C4: 1.8톤 | D4: 1~3층 | E4: 1 | F4: 국립생태원 본관
B5: 승객용 | C5: 15인용 | D5: 1~2층 | E5: 1 | F5: 생태교육관
B6: 승객용 | C6: 15인용 | D6: 1~2층 | E6: 1 | F6: 복원생태관
B7: 승객용 | C7: 15인용 | D7: 1~2층 | E7: 1 | F7: 방문자센터
B8: 승객용 | C8: 15인용 | D8: 1~2층 | E8: 5 | F8: 에코리움
A9: 총계 | E9: =SUM(E4:E8) -> 9

Sheet 마스터플랜 기계장비 등
A1: 6. 에코리움 국유재산 목록
A3: 연번 | B3: 품명 | C3: 규격 | D3: 수량 | E3: 금액(원) | F3: 위치 | G3: 비 고
A4: 1 | B4: 공조기 | C4: 35,200CMH | D4: 1 | E4: =270000000/8 -> 33750000 | F4: 본관 지하 | G4: 관급자재
A5: 2 | B5: 공조기 | C5: 20,200CMH | D5: 1 | E5: =270000000/8 -> 33750000 | F5: " | G5: 관급자재
A6: 3 | B6: 공조기 | C6: 13,200CMH | D6: 1 | E6: =270000000/8 -> 33750000 | F6: 교육동 옥상 | G6: 관급자재
A7: 4 | B7: 공조기 | C7: 16,300CMH | D7: 1 | E7: =270000000/8 -> 33750000 | F7: " | G7: 관급자재
A8: 5 | B8: 공조기 | C8: 9,000CMH | D8: 1 | E8: =270000000/8 -> 33750000 | F8: " | G8: 관급자재
A9: 6 | B9: 공조기 | C9: 16,500CMH | D9: 1 | E9: =270000000/8 -> 33750000 | F9: 멸종동 옥상 | G9: 관급자재
A10: 7 | B10: 공조기 | C10: 8,400CMH | D10: 1 | E10: =270000000/8 -> 33750000 | F10: " | G10: 관급자재
A11: 8 | B11: 공조기 | C11: 23,300CMH | D11: 1 | E11: =270000000/8 -> 33750000 | F11: 센타동 지하 | G11: 관급자재
A12: 9 | B12: 펠릿보일러 | C12: 200,000KCAL/HR | D12: 2 | E12: 17386890 | F12: 교육동 지하
A13: 10 | B13: 펠릿보일러 | C13: 20,000KCAL/HR | D13: 2 | E13: 2604458 | F13: 센타동 지하
A14: 11 | B14: IN-LINE PUMP | C14: 7.5KW | D14: 3 | E14: 17909687 | F14: 연구동 지하
A15: 12 | B15: 수중 PUMP | C15: 2.2KW | D15: 4 | E15: 594985 | F15: "
A16: 13 | B16: 수중 PUMP | C16: 1.5KW | D16: 4 | E16: 534886 | F16: "
A17: 14 | B17: IN-LINE PUMP | C17: 0.75KW | D17: 4 | E17: 967603 | F17: "
A18: 15 | B18: 수중 PUMP | C18: 0.75KW | D18: 3 | E18: 474786 | F18: 연구동 1층
A19: 16 | B19: IN-LINE PUMP | C19: 2.2KW | D19: 4 | E19: 11893715 | F19: 연구동 지하
A20: 17 | B20: IN-LINE PUMP | C20: 2.2KW | D20: 4 | E20: 914421 | F20: 교육동 지하
A21: 18 | B21: IN-LINE PUMP | C21: 0.75KW | D21: 4 | E21: 888662 | F21: "
A22: 19 | B22: 수중 PUMP | C22: 2.2KW | D22: 2 | E22: 637518 | F22: "
A23: 20 | B23: 수중 PUMP | C23: 1.5KW | D23: 4 | E23: 573123 | F23: "
... A57: 54 | B57: 급탕탱크 | C57: 3,300L | D57: 2 | E57: 6236233 | F57: 교육동 지하
A58: 55 | B58: 지하저수조 | C58: 140,000L | D58: 1 | E58: =102311000/2 -> 51155500 | F58: 멸종동 지하 | G58: 관급자재
A59: 56 | B59: 중수저수조 | C59: 50,000L | D59: 1 | E59: =102311000/2*5/14 -> 18269821 | F59: " | G59: 관급자재
A60: 57 | B60: 폐수탱크 | C60: 1,000L | D60: 2 | E60: 1481066 | F60: "
A61: 58 | B61: 지하저수조 | C61: 90,000L | D61: 1 | E61: =102311000/2*9/14 -> 32885679 | F61: 센타동 지하 | G61: 관급자재
A62: 59 | B62: 급탕탱크 | C62: 600L | D62: 1 | E62: 3209880 | F62: "
A63: 60 | B63: 오수탱크 | C63: 2,500L | D63: 1 | E63: 401234 | F63: 사육동 지하
A64: 61 | B64: 항온항습기 | C64: 10,800KCAL/HR | D64: 1 | E64: =236318910/9 -> 26257657 | F64: 연구동 동물 | G64: 관급자재
A65: 62 | B65: 항온항습기 | C65: 16,200KCAL/HR | D65: 1 | E65: =236318910/9 -> 26257657 | F65: 연구동 액침 | G65: 관급자재
A66: 63 | B66: 항온항습기 | C66: 27,000KCAL/HR | D66: 1 | E66: =236318910/9 -> 26257657 | F66: 연구동 식물 | G66: 관급자재
A67: 64 | B67: 항온항습기 | C67: 54,000KCAL/HR | D67: 2 | E67: =236318910/9*2 -> 52515313 | F67: 연구동 전산 | G67: 관급자재
A68: 65 | B68: 항온항습기 | C68: 27,000KCAL/HR | D68: 1 | E68: =236318910/9 -> 26257657 | F68: 멸종동 중기 | G68: 관급자재
A69: 66 | B69: 항온항습기 | C69: 16,200KCAL/HR | D69: 1 | E69: =236318910/9 -> 26257657 | F69: 멸종동 무균 | G69: 관급자재
A70: 67 | B70: 항온항습기 | C70: 16,200KCAL/HR | D70: 1 | E70: =236318910/9 -> 26257657 | F70: 멸종동 준비 | G70: 관급자재
A71: 68 | B71: 항온항습기 | C71: 16,200KCAL/HR | D71: 1 | E71: =236318910/9 -> 26257657 | F71: 멸종동 순화 | G71: 관급자재
A72: 69 | B72: 항온항습기 | C72: 40,500KCAL/HR | D72: 2 | E72: =236318910/9*2 -> 52515313 | F72: 멸종동 배양 | G72: 관급자재
A73: 70 | B73: 팩케이지에어컨 | C73: 5,160KCAL/HR | D73: 1 | E73: 931859 | F73: 연구동 지하
A74: 71 | B74: 팩케이지에어컨 | C74: 25,000KCAL/HR | D74: 2 | E74: 3814744 | F74: "
A75: 72 | B75: 팩케이지에어컨 | C75: 5,160KCAL/HR | D75: 1 | E75: 998474 | F75: 교육동 1층
A76: 73 | B76: 팩케이지에어컨 | C76: 25,000KCAL/HR | D76: 2 | E76: 3844525 | F76: 멸종동 1층
A77: 74 | B77: 팩케이지에어컨 | C77: 25,000KCAL/HR | D77: 1 | E77: 3722225 | F77: 센타동 지하
A78: 79 | B78: 유니트쿨러 | C78: 198CMM | D78: 2 | E78: 18978829 | F78: 연구동 1층
A79: 80 | B79: 유니트쿨러 | C79: 198CMM | D79: 1 | E79: 19126995 | F79: 멸종동 지하
A80: 81 | B80: 유니트쿨러 | C80: 198CMM | D80: 1 | E80: 19126995 | F80: "
A81: 82 | B81: 유니트쿨러 | C81: 52CMM | D81: 4 | E81: 12751330 | F81: 멸종동 1층
A82: 83 | B82: 배양실챔버 | C82: 7.5KW | D82: 8 | E82: 44283934 | F82: 연구동 1층
A83: 84 | B83: 악취제거시스템 | C83: 283CMM | D83: 1 | E83: 23182520 | F83: 교육동 옥상
A84: 85 | B84: 태양열 | G84: 직발주
A85: 86 | B85: 지열히트펌프 | G85: 직발주
A86: 87 | B86: 중앙실험대 | C86: 4200*1500*800/1800 | D86: 31 | E86: 73583925 | F86: 생태연구동, 멸종위기종동
A87: 88 | B87: 폐수탱크 | C87: 30,000L | D87: 1 | E87: 33000000 | F87: 복원생태관 지하 | G87: 2014년6월설치
A88: 89 | B88: 폐수탱크 | C88: 15,000L | D88: 1 | F88: 국립생태원 본관 지하 | G88: 2014년6월설치
A89: 90 | B89: 항온항습기 | C89: 냉방35.17KW 난방15KW | D89: 1 | E89: 22048000 | F89: 국립생태원 본관 방재실 | G89: 2014년7월설치 | H89: 추가
A90: 91 | B90: 실험실폐수이송펌프 | C90: 2HP | D90: 2 | E90: 4748000 | F90: 국립생태원 복원생태관 지하 | G90: 2014년 12월설치 | H90: 추가
A91: 92
A92: 93
A93: 94
A94: 95
A95: 96
A96: 계 | C96: =SUM(C4:C95) -> 0 | E96: =SUM(E4:E95) -> 1.1411346e+09

Sheet 에코리움 기계장비 등
A1: 5. 에코리움 국유재산 목록
A3: 구 분 | B3: 품 목 | C3: 규 격 | D3: 단위 | E3: 수 량 | F3: 단 가 | G3: 금 액 | H3: 설치위치 | I3: 비 고
A4: 본관동 | G4: =SUM(G5:G70) -> 80170900
A5: 전시관 | B5: 주방가구 | C5: 씽크+작업대 | D5: EA | E5: 2 | F5: 426000 | G5: =E5*F5 -> 852000 | H5: 악어수조, 펭귄수조
A6: 레스토랑 | B6: 4인용 테이블(A) | C6: 700*700*750 | D6: EA | E6: 14 | F6: 125000 | G6: =E6*F6 -> 1750000
B7: 5인용 테이블 | C7: 원형 | D7: EA | E7: 9 | F7: 150000 | G7: =E7*F7 -> 1350000
B8: 6인용 테이블 | C8: 1800*800*750 | D8: EA | E8: 23 | F8: 175000 | G8: =E8*F8 -> 4025000
B9: 의자 | C9: 각종 | D9: EA | E9: =239-4 -> 235 | F9: 75000 | G9: =E9*F9 -> 17625000
A10: 까페테리아 | B10: 2인용 테이블 | C10: 700*750 | D10: EA | E10: 10 | F10: 75000 | G10: 750000
B11: 3인용 테이블 | C11: 700*750 | D11: EA | E11: 9 | F11: 100000 | G11: 900000
B12: 4인용 테이블 | C12: 900*750 | D12: EA | E12: 7 | F12: 125000 | G12: 875000
B13: 6인용 테이블 | C13: 1800*800*750 | D13: EA | E13: 10 | F13: 150000 | G13: 1500000
B14: 의자 | C14: 각종 | D14: EA | E14: 135 | F14: 75000 | G14: 10125000
A15: 1층사무실 | B15: 3단서랍박스 | C15: 402*560*658 | D15: EA | E15: 9 | F15: 180500 | G15: =E15*F15 -> 1624500 | H15: 1층사무실
B16: 3단책장 | C16: 800*419*1162 | D16: EA | E16: 9 | F16: 129000 | G16: =E16*F16 -> 1161000 | H16: 1층사무실
B17: 보조책상 | C17: 1400*700*719 | D17: EA | E17: 1 | F17: 167800 | G17: =E17*F17 -> 167800 | H17: 1층사무실
B18: 사무용 의자 | C18: 각종 | D18: EA | E18: 9 | F18: 190200 | G18: =E18*F18 -> 1711800 | H18: 1층사무실
B19: 사무용 책상 | C19: 1400*700*719 | D19: EA | E19: 9 | F19: 252500 | G19: =E19*F19 -> 2272500 | H19: 1층사무실
B20: 원형회의용테이블 | D20: EA | E20: 1 | F20: 130500 | G20: =E20*F20 -> 130500 | H20: 1층사무실
B21: 회의용의자 | C21: 각종 | D21: EA | E21: 5 | F21: 151200 | G21: =E21*F21 -> 756000 | H21: 1층사무실
A22: 휴게실 | B22: 1인용 쇼파 | C22: 850*830*850 | D22: EA | E22: 2 | F22: 253000 | G22: =E22*F22 -> 506000 | H22: 지하1층 방호원실
B23: 3인용 쇼파 | C23: 1830*830*850 | D23: EA | E23: 1 | F23: 443000 | G23: =E23*F23 -> 443000 | H23: 지하1층 방호원실
B24: 차탁자 | C24: 1200*600*450 | D24: EA | E24: 1 | F24: 249500 | G24: =E24*F24 -> 249500 | H24: 지하1층 방호원실
A25: 휴게실 | B25: 이불장 | C25: 800*600*2100 | D25: EA | E25: 2 | F25: 198000 | G25: =E25*F25 -> 396000 | H25: 지상1층 휴게실내
B26: 옷장 | C26: 800*600*2100 | D26: EA | E26: 2 | F26: 206500 | G26: =E26*F26 -> 413000 | H26: 지상1층 휴게실내
A27: 회의실 | B27: 회의테이블 | C27: 1500*750*712 | D27: EA | E27: 6 | F27: 424000 | G27: =E27*F27 -> 2544000 | H27: 지상1층
B28: 회의테이블 | C28: 1000*750*712 | D28: EA | E28: 1 | F28: 282400 | G28: =E28*F28 -> 282400 | H28: 지상1층
B29: 90도 코너상판 | C29: 800*800*50 | D29: EA | E29: 2 | F29: 220000 | G29: =E29*F29 -> 440000 | H29: 지상1층
B30: 의자 | C30: 각종 | D30: EA | E30: 13 | F30: 299000 | G30: =E30*F30 -> 3887000 | H30: 지상1층
A31: 락카룸 | B31: 3인용락카 | C31: 900*600*1900 | D31: EA | E31: 6 | F31: 230000 | G31: =E31*F31 -> 1380000 | H31: 남 지상1층
B32: 2인용락카 | C32: 600*600*1900 | D32: EA | E32: 4 | F32: 205000 | G32: =E32*F32 -> 820000 | H32: 여 지상1층
A33: 전산실 | B33: 사무용 책상 | C33: 1400*700*719 | D33: EA | E33: 2 | F33: 252500 | G33: =E33*F33 -> 505000 | H33: 지상1층
B34: 보조책상 | C34: 1400*700*719 | D34: EA | E34: 1 | F34: 167800 | G34: =E34*F34 -> 167800 | H34: 지상1층
B35: 사무용 의자 | C35: 각종 | D35: EA | E35: 2 | F35: 190200 | G35: =E35*F35 -> 380400 | H35: 지상1층
B36: 3단서랍박스 | C36: 402*560*658 | D36: EA | E36: 2 | F36: 180500 | G36: =E36*F36 -> 361000 | H36: 지상1층
B37: 3단책장 | C37: 800*419*1162 | D37: EA | E37: 2 | F37: 129000 | G37: =E37*F37 -> 258000 | H37: 지상1층
A38: 방호원실 | B38: 사무용 책상 | C38: 1400*700*719 | D38: EA | E38: 2 | F38: 252500 | G38: =E38*F38 -> 505000 | H38: 지상1층
B39: 사무용 의자 | C39: 각종 | D39: EA | E39: 2 | F39: 190200 | G39: =E39*F39 -> 380400 | H39: 지상1층
B40: 3단서랍박스 | C40: 402*560*658 | D40: EA | E40: 2 | F40: 180500 | G40: =E40*F40 -> 361000 | H40: 지상1층
B41: 3단책장 | C41: 800*419*1162 | D41: EA | E41: 2 | F41: 129000 | G41: =E41*F41 -> 258000 | H41: 지상1층
A42: 로비 | B42: 장의자 | C42: 1600*610*410 | D42: EA | E42: 9 | F42: 141000 | G42: =E42*F42 -> 1269000 | H42: 상설-2 3,영상 3, 열대하부 3
B43: 장의자 | C43: 1600*610*411 | D43: EA | E43: 2 | F43: 122000 | G43: =E43*F43 -> 244000 | H43: 영상 1, 열대하부 1
A44: 소지품보관소 | B44: 6인용보관장 | C44: 800*600*1868 | D44: EA | E44: 6 | F44: 240000 | G44: =E44*F44 -> 1440000 | H44: 소지품보관소
B45: 행거 | C45: 1200*520*1350 | D45: EA | E45: 14 | F45: 350000 | G45: =E45*F45 -> 4900000 | H45: 소지품보관소
B46: 옷걸이 | D46: 식 | E46: 1 | F46: 1300000 | G46: =E46*F46 -> 1300000 | H46: 소지품보관소
B47: 보관바구니 | D47: 식 | E47: 1 | F47: 500000 | G47: =E47*F47 -> 500000 | H47: 소지품보관소
A48: 의무실 | B48: 사무용 책상 | C48: 1400*700*719 | D48: EA | E48: 1 | F48: 252500 | G48: =E48*F48 -> 252500 | H48: 의무실
B49: 의자 | D49: EA | E49: 1 | F49: 158500 | G49: =E49*F49 -> 158500 | H49: 의무실
B50: 3단서랍박스 | C50: 402*560*658 | D50: EA | E50: 1 | F50: 180500 | G50: =E50*F50 -> 180500 | H50: 의무실
B51: 3단책장 | C51: 800*419*1162 | D51: EA | E51: 5 | F51: 129000 | G51: =E51*F51 -> 645000 | H51: 의무실
B52: 3인용 쇼파 | C52: 1830*830*850 | D52: EA | E52: 1 | F52: 443000 | G52: =E52*F52 -> 443000 | H52: 의무실
B53: 차탁자 | D53: EA | E53: 1 | F53: 249500 | G53: =E53*F53 -> 249500 | H53: 의무실
B54: 1인용침대 | C54: 2100*1090*595 | D54: EA | E54: 1 | F54: 192500 | G54: =E54*F54 -> 192500 | H54: 의무실
B55: 매트리스 | D55: EA | E55: 1 | F55: 92500 | G55: =E55*F55 -> 92500 | H55: 의무실
A56: 방송실 | B56: 사무용 책상 | C56: 1400*700*719 | D56: EA | E56: 3 | F56: 252500 | G56: =E56*F56 -> 757500
B57: 사무용 의자 | C57: 각종 | D57: EA | E57: 3 | F57: 190200 | G57: =E57*F57 -> 570600
B58: 3단서랍박스 | C58: 402*560*658 | D58: EA | E58: 3 | F58: 180500 | G58: =E58*F58 -> 541500
B59: 3단책장 | C59: 800*419*1162 | D59: EA | E59: 3 | F59: 129000 | G59: =E59*F59 -> 387000
B60: 3인용 쇼파 | C60: 1830*830*850 | D60: EA | E60: 1 | F60: 443000 | G60: =E60*F60 -> 443000
A61: 유아,수유실 | B61: 1인용 쇼파 | C61: 850*830*850 | D61: EA | E61: 4 | F61: 253000 | G61: 1012000
B62: 3인용 쇼파 | C62: 1830*830*850 | D62: EA | E62: 1 | F62: 443000 | G62: 443000
B63: 차탁자 | C63: 1200*600*450 | D63: EA | E63: 1 | F63: 217500 | G63: 217500
B64: 주방가구 | C64: 씽크+작업대 | D64: EA | E64: 1 | F64: 426000 | G64: =E64*F64 -> 426000
A65: 기념품점 | B65: 사무용 책상 | C65: 1400*700*719 | D65: EA | E65: 1 | F65: 252500 | G65: =E65*F65 -> 252500
B66: 사무용 의자 | C66: 각종 | D66: EA | E66: 1 | F66: 190200 | G66: =E66*F66 -> 190200
B67: 3단서랍박스 | C67: 402*560*658 | D67: EA | E67: 1 | F67: 180500 | G67: =E67*F67 -> 180500
B68: 3단책장 | C68: 800*419*1162 | D68: EA | E68: 1 | F68: 129000 | G68: =E68*F68 -> 129000
A69: 극지관 | B69: 3인용락카 | C69: 900*600*1900 | D69: EA | E69: 1 | F69: 230000 | G69: =E69*F69 -> 230000 | H69: 극지관 락카실
B70: 2인용락카 | C70: 600*600*1900 | D70: EA | E70: 2 | F70: 205000 | G70: =E70*F70 -> 410000 | H70: 극지관 락카실
G71: =SUM(G72:G83) -> 18041700
A72: 에코리움 관리동 | B72: 3인용락카 | C72: 900*600*1900 | D72: EA | E72: 8 | F72: 230000 | G72: =E72*F72 -> 1840000 | H72: 일반관리동 락카룸(남/여)
B73: 2인용락카 | C73: 600*600*1900 | D73: EA | E73: 4 | F73: 205000 | G73: =E73*F73 -> 820000 | H73: 일반관리동 락카룸(남/여)
B74: 사무용 의자 | C74: 각종 | D74: EA | E74: 17 | F74: 190200 | G74: =E74*F74 -> 3233400 | H74: 일반관리동 사무실
B75: 사무용 책상 | C75: 1400*700*719 | D75: EA | E75: 17 | F75: 252500 | G75: =E75*F75 -> 4292500 | H75: 일반관리동 사무실
B76: 보조책상 | C76: 1400*700*719 | D76: EA | E76: 3 | F76: 167800 | G76: =E76*F76 -> 503400 | H76: 일반관리동 사무실
B77: 3단서랍박스 | C77: 402*560*658 | D77: EA | E77: 17 | F77: 180500 | G77: =E77*F77 -> 3068500 | H77: 일반관리동 사무실
B78: 3단책장 | C78: 800*419*1162 | D78: EA | E78: 17 | F78: 129000 | G78: =E78*F78 -> 2193000 | H78: 일반관리동 사무실
B79: 사각회의용테이블 | D79: EA | E79: 1 | F79: 201500 | G79: =E79*F79 -> 201500 | H79: 일반관리동 사무실
B80: 회의용의자 | C80: 각종 | D80: EA | E80: 7 | F80: 151200 | G80: =E80*F80 -> 1058400 | H80: 일반관리동 사무실
B81: 식탁 | C81: 6인용 | D81: EA | E81: 1 | F81: 129000 | G81: =E81*F81 -> 129000 | H81: 일반관리동 간이주방
B82: 식탁의자 | C82: 각종 | D82: EA | E82: 6 | F82: 46000 | G82: =E82*F82 -> 276000 | H82: 일반관리동 간이주방
B83: 주방가구 | C83: 씽크+작업대 | D83: EA | E83: 1 | F83: 426000 | G83: =E83*F83 -> 426000 | H83: 일반관리동 간이주방
G84: =SUM(G85:G104) -> 32654700
A85: 전시동물 사육동 | B85: 사무용 의자 | C85: 각종 | D85: EA | E85: 18 | F85: 190200 | G85: =E85*F85 -> 3423600 | H85: 동물사육동 사무실
B86: 사무용 책상 | C86: 1400*700*719 | D86: EA | E86: 18 | F86: 252500 | G86: =E86*F86 -> 4545000 | H86: 동물사육동 사무실
B87: 보조책상 | C87: 1400*700*719 | D87: EA | E87: 2 | F87: 167800 | G87: =E87*F87 -> 335600 | H87: 동물사육동 사무실
B88: 3단서랍박스 | C88: 402*560*658 | D88: EA | E88: 18 | F88: 180500 | G88: =E88*F88 -> 3249000 | H88: 동물사육동 사무실
B89: 3단책장 | C89: 800*419*1162 | D89: EA | E89: 18 | F89: 129000 | G89: =E89*F89 -> 2322000 | H89: 동물사육동 사무실
B90: 사각회의용테이블 | D90: EA | E90: 1 | F90: 201500 | G90: =E90*F90 -> 201500 | H90: 동물사육동 회의실
B91: 회의용의자 | C91: 각종 | D91: EA | E91: 9 | F91: 151200 | G91: =E91*F91 -> 1360800 | H91: 동물사육동 회의실
B92: 사무용 책상 | C92: 1400*700*719 | D92: EA | E92: 1 | F92: 252500 | G92: =E92*F92 -> 252500 | H92: 동물사육동 진료실
B93: 사무용 의자 | C93: 각종 | D93: EA | E93: 1 | F93: 190200 | G93: =E93*F93 -> 190200 | H93: 동물사육동 진료실
B94: 3단서랍박스 | C94: 402*560*658 | D94: EA | E94: 1 | F94: 180500 | G94: =E94*F94 -> 180500 | H94: 동물사육동 진료실
B95: 3단책장 | C95: 800*419*1162 | D95: EA | E95: 1 | F95: 129000 | G95: =E95*F95 -> 129000 | H95: 동물사육동 진료실
B96: 주방가구 | C96: 씽크+작업대 | D96: EA | E96: 1 | F96: 426000 | G96: =E96*F96 -> 426000 | H96: 동물사육동 숙직실
B97: 주방가구 | C97: 씽크+작업대 | D97: EA | E97: 1 | F97: 426000 | G97: =E97*F97 -> 426000 | H97: 동물사육동 사무실 탕비실
B98: 3인용락카 | C98: 900*600*1900 | D98: EA | E98: 6 | F98: 230000 | G98: =E98*F98 -> 1380000 | H98: 동물사육동 락카룸
B99: 2인용락카 | C99: 600*600*1900 | D99: EA | E99: 4 | F99: 205000 | G99: =E99*F99 -> 820000 | H99: 동물사육동 락카룸
B100: 사무용 책상 | C100: 1400*700*719 | D100: EA | E100: 15 | F100: 252500 | G100: =E100*F100 -> 3787500 | H100: 재배온실 사무실
B101: 사무용 의자 | C101: 각종 | D101: EA | E101: 15 | F101: 190200 | G101: =E101*F101 -> 2853000 | H101: 재배온실 사무실
...

Sheet 운반장치
A1: 국립생태원 전기카트 현황
A2: 연번 | B2: 용도 | C2: 차종 | D2: 차명 | E2: 연식 | F2: 차량번호 | G2: 관리부서 | H2: 취득방법 | I2: 임차(구매)금액 | J2: 용도 | K2: 최고속도 | L2: 운행시간(일일 평균운행시간) | M2: 이용대상 | N2: 비고
A3: 1 | B3: 업무용 | C3: 전기셔틀버스 | D3: 14인승, 5kw | E3: 13/7 | F3: 전기유틸버스1 | G3: 전시기획부 | H3: 소유 | I3: 44600000 | J3: 관람객 운송용 | K3: 45km/h | M3: 전관람객 | N3: 대형5호
A4: 2 | B4: 업무용 | C4: 전기셔틀버스 | D4: 14인승, 5kw | E4: 13/7 | F4: 전기유틸버스2 | G4: 전시기획부 | H4: 소유 | I4: 44600000 | J4: 관람객 운송용 | K4: 45km/h | M4: 전관람객 | N4: 대형6호
A5: 3 | B5: 업무용 | C5: 전기셔틀버스 | D5: 29인승, 10kw | E5: 15/5 | F5: 전기유틸버스3 | G5: 전시기획부 | H5: 소유 | I5: 49750000 | J5: 관람객 운송용 | K5: 35km/h | M5: 전관람객 | N5: 대형1호
A6: 4 | B6: 업무용 | C6: 전기셔틀버스 | D6: 29인승, 10kw | E6: 15/5 | F6: 전기유틸버스4 | G6: 전시기획부 | H6: 소유 | I6: 49750000 | J6: 관람객 운송용 | K6: 35km/h | M6: 전관람객 | N6: 대형2호
A7: 5 | B7: 업무용 | C7: 전기셔틀버스 | D7: 29인승, 10kw | E7: 14/12 | F7: 전기유틸버스5 | G7: 전시기획부 | H7: 소유 | I7: 59450000 | J7: 관람객 운송용 | K7: 35km/h | M7: 전관람객 | N7: 대형3호
A8: 6 | B8: 업무용 | C8: 전기셔틀버스 | D8: 29인승, 10kw | E8: 14/12 | F8: 전기유틸버스6 | G8: 전시기획부 | H8: 소유 | I8: 59450000 | J8: 관람객 운송용 | K8: 35km/h | M8: 전관람객 | N8: 대형4호
A9: 7 | B9: 업무용 | C9: 전기유틸리티차 | D9: 8인승, 4.5kw | E9: 13/7 | F9: 전기유틸1 | G9: 전시기획부 | H9: 소유 | I9: 14850000 | J9: 부상자 후송 및 순찰 | K9: 15km/h | M9: 관리자 | N9: 1호
A10: 8 | B10: 업무용 | C10: 전기유틸리티차 | D10: 5인승, 4.5kw | E10: 13/7 | F10: 전기유틸2 | G10: 동물병원부 | H10: 소유 | I10: 14300000 | M10: 관리자 | N10: 2호
A11: 9 | B11: 업무용 | C11: 전기유틸리티차 | D11: 2인승, 4.5kw, 롱데크500kg | E11: 13/7 | F11: 전기유틸3 | G11: 동물관리부 | H11: 소유 | I11: 14850000 | M11: 관리자 | N11: 3호
A12: 10 | B12: 업무용 | C12: 전기유틸리티차 | D12: 2인승, 4.5kw, 롱데크500kg | E12: 13/7 | F12: 전기유틸4 | G12: 온실식물부 | H12: 소유 | I12: 14850000 | M12: 관리자 | N12: 4호
A13: 11 | B13: 업무용 | C13: 전기유틸리티차 | D13: 2인승, 4.5kw, 롱데크500kg | E13: 13/7 | F13: 전기유틸5 | G13: 시설관리부 | H13: 소유 | I13: 14850000 | M13: 관리자 | N13: 5호
A14: 12 | B14: 업무용 | C14: 전기유틸리티차 | D14: 2인승, 4.5kw, 롱데크500kg | E14: 13/7 | F14: 전기유틸6 | G14: 야외식물부 | H14: 소유 | I14: 15000000 | M14: 관리자 | N14: 6호
A15: 13 | B15: 업무용 | C15: 전기유틸리티차 | D15: 5인승, 4.5kw | E15: 14/6 | F15: 전기유틸7 | G15: 생태정보연구부 | H15: 소유 | I15: 15950000 | M15: 관리자 | N15: 7호
A16: 14 | B16: 업무용 | C16: 전기유틸리티차 | D16: 5인승, 4.5kw | E16: 14/4 | F16: 전기유틸1 | G16: 교육운영부 | H16: 소유 | I16: 16445000 | M16: 관리자 | N16: 8호
A17: 15 | B17: 업무용 | C17: 전기유틸리티차 | D17: 8인승, 4.5kw | E17: 14/4 | F17: 전기유틸2 | G17: 교육운영부 | H17: 소유 | I17: 17545000 | M17: 관리자 | N17: 9호
A18: 16 | B18: 업무용 | C18: 전기트럭카트 | D18: 2인승, 6.5kw | E18: 14/6 | F18: 전기트럭 | G18: 야외식물부 | H18: 소유 | I18: 20790000 | M18: 관리자 | N18: 10호
A19: 17 | B19: 업무용 | C19: 전기유틸리티차 | D19: 5인승, 4.5kw | E19: 14/10 | F19: 전기유틸2 | G19: 전시기획부 | H19: 소유 | I19: 14300000 | J19: 부상자 후송 및 순찰 | K19: 15km/h | M19: 관리자 | N19: 11호
A20: 18 | B20: 업무용 | C20: 전기유틸리티차 | D20: 8인승, 4.5kw | E20: 13/6 | F20: 전기유틸@ | G20: 홍보부 | H20: 소유 | I20: 17160000 | J20: 기자 및 내외빈용 | K20: 50km/h | M20: 직원 및 내빈용 | N20: 12호
A21: 19 | B21: 업무용 | C21: 전기유틸리티차 | D21: 5인승, 4.5kw | E21: 14/12 | F21: 전기유틸 | G21: 동물관리부 | H21: 소유 | I21: 16720000 | M21: 관리자 | N21: 13호
A22: 총계 | I22: =SUM(I3:I21) -> 515210000

Sheet 정보통신장비
A1: 정보통신설비
A3: 연번 | B3: 구분 | C3: 품명 | D3: 규 격 | E3: 수 량 | F3: 단 가 | G3: 금 액 | H3: 설치위치 | I3: 비 고
G4: =SUM(G5:G39) -> 1907504000
A5: 1 | B5: 서버 | C5: 홈페이지 WEB서버 | D5: DL360p | E5: 2 | F5: 7000000 | G5: 14000000 | H5: 본관 전산실
A6: 2 | B6: 서버 | C6: 홈페이지 WAS | D6: DL360p | E6: 2 | F6: 7000000 | G6: 14000000 | H6: 본관 전산실
A7: 3 | B7: 서버 | C7: DNS | D7: DL320e | E7: 1 | F7: 7000000 | G7: 7000000 | H7: 본관 전산실
A8: 4 | B8: 서버 | C8: 메일서버 | D8: x3550M4 | E8: 1 | F8: 6000000 | G8: 6000000 | H8: 본관 전산실
A9: 5 | B9: 서버 | C9: 전시도서정보 서버 | D9: DL360p | E9: 1 | F9: 9000000 | G9: 9000000 | H9: 본관 전산실
A10: 6 | B10: 서버 | C10: 전시어플서버 | D10: DL380G7 | E10: 1 | F10: 9000000 | G10: 9000000 | H10: 본관 전산실
A11: 7 | B11: 서버 | C11: 스팸서버 | D11: SmartFilter3.0 | E11: 1 | F11: 5500000 | G11: 5500000 | H11: 본관 전산실
A12: 8 | B12: 서버 | C12: 망연계 | D12: 자체 | E12: 2 | F12: 18000000 | G12: 36000000 | H12: 본관 전산실
A13: 9 | B13: 서버 | C13: 홈페이지 DB | D13: DL360p | E13: 1 | F13: 8600000 | G13: 8600000 | H13: 본관 전산실
A14: 10 | B14: 서버 | C14: 행정포털,동식물 | D14: x3250M4 | E14: 2 | F14: 5000000 | G14: 10000000 | H14: 본관 전산실
A15: 11 | B15: 서버 | C15: 행정포털,동식물 DB | D15: Power710 | E15: 1 | F15: 10000000 | G15: 10000000 | H15: 본관 전산실
A16: 12 | B16: 서버 | C16: 백업관리서버 백업테입라이브러리 | D16: x3550M4 SuperLoader3 | E16: 1 | F16: 12600000 | G16: 12600000 | H16: 본관 전산실
... A39: 35 | B39: 전자교환기 | C39: 전자교환기(1식) | D39: OffieceServ7600(본관), Ubigate IBG2016(에코리움), 서버(6식) | E39: 1 | F39: 136950000 | G39: 136950000 | H39: 본관 통신실

Sheet 서적
A1: 연번 | B1: 검수일 | C1: 서명 | D1: 저자 | E1: 출판사 | F1: 수량 | G1: 정가 | H1: 공급가 | I1: 비고
A2: 1 | B2: 20140326 | C2: 배스낚시 100문 1000답 | D2: 낚시춘추 | E2: 예조원 | F2: 1 | G2: 17000 | H2: 14450
A3: 2 | B3: 20140326 | C3: 특징으로 보는 한반도 민물고기 | D3: 이완옥, 노세윤 | E3: 지성사 | F3: 1 | G3: 40000 | H3: 34000
A4: 3 | B4: 20140326 | C4: 한국의 양서파충류 | D4: 김종범 | E4: 월드사이언스 | F4: 1 | G4: 21000 | H4: 17850
A5: 4 | B5: 20140326 | C5: 귀화식물 | D5: 국립수목원 | E5: 국립수목원 | F5: 1 | G5: 18700 | H5: 15895
A6: 5 | B6: 20140326 | C6: 한국 곤충 총 목록 | D6: 백운기 등 | E6: 자연과생태 | F6: 1 | G6: 80000 | H6: 68000
A7: 6 | B7: 20140326 | C7: 식물병해충도감 (상) | D7: 농촌진흥청 국립원예특작과학원 | E7: 학술편수관 | F7: 1 | G7: 70000 | H7: 59500
A8: 7 | B8: 20140326 | C8: 식물병해충도감 (하) | D8: 농촌진흥청 국립원예특작과학원 | E8: 학술편수관 | F8: 1 | G8: 70000 | H8: 59500
A9: 8 | B9: 20140326 | C9: 신 과수병해충도감 | D9: 농촌진흥청원예연구소 | E9: 농경과원예 | F9: 1 | G9: 100000 | H9: 85000
A10: 9 | B10: 20140326 | C10: 곤충, 크게 보고 색다르게 찾자! | D10: 김태우 | E10: 필통(FEELTONG) | F10: 1 | G10: 12000 | H10: 10200
A11: 10 | B11: 20140326 | C11: 펠릭스 가타리의 생태철학 | D11: 그물코 | E11: 그물코 | F11: 1 | G11: 5000 | H11: 4250
A12: 11 | B12: 20140326 | C12: 생태 관광론 | D12: Stephen Wearing, John Neil | E12: 한올출판사 | F12: 1 | G12: 20000 | H12: 17000
A13: 12 | B13: 20140326 | C13: 야생동물 생태 관리학 | D13: 이우신 | E13: 라이프사이언스 | F13: 1 | G13: 20000 | H13: 17000
... A44: 43 | B44: 20140326 | C44: 박물관의 전시해설가와 도슨트, 그들은 누구인가 | D44: 최석영 저 | E44: 민속원 | F44: 1 | G44: 6500 | H44: 5525
A45: 44 | B45: 20140326 | C45: 외국 미술 국내 전시 60년 | E45: 김달진미술자료박물관 | F45: 1 | G45: 33000 | H45: 28050
A46: 45 | B46: 20140326 | C46: 핸즈 온 전시 Hands-on Exhibitions | D46: 최석영 저 | E46: 민속원 | F46: 1 | G46: 7500 | H46: 6375
A47: 46 | B47: 20140326 | C47: 몰입을 부르는 체험형 전시콘텐츠 기획 | D47: 김은숙 저 | E47: 글누림 | F47: 1 | G47: 17000 | H47: 14450
A48: 47 | B48: 20140326 | C48: 위대한 전시는 어떻게 탄생하는가? | D48: 폴라 마린콜라 저 | E48: 미메시스 | F48: 1 | G48: 16000 | H48: 13600
A49: 48 | B49: 20140326 | C49: 전시를 디자인하다 designing exhibitions | D49: 베트론 외 | E49: 기문당 | F49: 1 | G49: 28000 | H49: 23800
A50: 49 | B50: 20140326 | C50: 전시디자인 가이드 EXHIBITION DESIGN GUIDE OF MUSEUM | D50: 최준혁 저 | E50: 미세움 | F50: 1 | G50: 27000 | H50: 22950
A51: 50 | B51: 20140326 | C51: 정보 디자인 교과서 | D51: 오병근 외 | E51: 안그라픽스 | F51: 1 | G51: 23000 | H51: 19550
A52: 51 | B52: 20140326 | C52: 에코시스템 브랜드 | E52: 모라비안유니타스 | F52: 1 | G52: 23000 | H52: 19550
A53: 52 | B53: 20140326 | C53: 물속 생물 도감 | D53: 권순직 | E53: 자연과생태 | F53: 1 | G53: 55000 | H53: 46750
A54: 53 | B54: 20140326 | C54: 한국의 수서곤충 | D54: 권순직 | E54: 생태조사단 | F54: 1 | G54: 50000 | H54: 42500
A55: 54 | B55: 20140326 | C55: 한국 잠자리 유충 | D55: 정광수 | E55: 자연과생태 | F55: 1 | G55: 98000 | H55: 83300
A56: 55 | B56: 20140326 | C56: 하천생태계와 담수무척추동물 | D56: 김명철 | E56: 지오북 | F56: 1 | G56: 45000 | H56: 38250
A57: 56 | B57: 20140326 | C57: 쉽게 풀어 쓴 생물통계학 | D57: 박태성(옮김) | E57: 교보문고 | F57: 1 | G57: 20000 | H57: 17000
A58: 57 | B58: 20140326 | C58: 한국의 외래ㆍ귀화 식물 | D58: 박수현 | E58: 대원사 | F58: 1 | G58: 8500 | H58: 7225
A59: 58 | B59: 20140326 | C59: 핵심생태학 | D59: 정연숙(옮김) | E59: 월드사이언스 | F59: 1 | G59: 28000 | H59: 23800
A60: 59 | B60: 20140326 | C60: 식물사회학적 식생조사와 평가방법 | D60: 김종원 | E60: 월드사이언스 | F60: 1 | G60: 25000 | H60: 21250
A61: 60 | B61: 20140326 | C61: 한국 식물 생태 보감 | D61: 김종원 | E61: 자연과생태 | F61: 1 | G61: 75000 | H61: 63750
A62: 61 | B62: 20140326 | C62: 식물 민속 박물지 | D62: 최영전 | E62: 아카데미서적 | F62: 1 | G62: 75000 | H62: 63750
A63: 62 | B63: 20140326 | C63: 한국 조경 식물 소재도감 | D63: 오구균 등 | E63: 광일문화사 | F63: 1 | G63: 60000 | H63: 51000
A64: 63 | B64: 20140326 | C64: 민족전통식물학 | D64: 김현, 송미장 | E64: 월드사이언스 | F64: 1 | G64: 20000 | H64: 17000
... A1438: 1437 | B1438: 20141223 | C1438: 자연환경 보전복원관리 | D1438: 김보미 외 | E1438: 보문당 | F1438: 1 | G1438: 36000 | H1438: 28969.2
A1439: 1438 | B1439: 20141223 | C1439: 하드씽 | D1439: 벤 호로위츠 | E1439: 36.5 | F1439: 1 | G1439: 17000 | H1439: 13679.9
A1440: 1439 | B1440: 20141223 | C1440: 빅 데이터@워크 | D1440: 토머스 H. 데이븐포트 | E1440: 21세기북스 | F1440: 1 | G1440: 16000 | H1440: 12875.2
A1441: 1440 | B1441: 20141223 | C1441: 미학과 창의경영 | D1441: 임태승 | E1441: B2 | F1441: 1 | G1441: 15000 | H1441: 12070.5
A1442: 1441 | B1442: 20141223 | C1442: 베끼려면 제대로 베껴라 | D1442: 이노우에 다쓰히코 | E1442: SEEDPAPER | F1442: 1 | G1442: 13000 | H1442: 10461.1
A1443: 1442 | B1443: 20141223 | C1443: 더 시너지(카네기 강사 유길문의) | D1443: 유길문 | E1443: 가림출판사 | F1443: 1 | G1443: 14000 | H1443: 11265.8
A1444: 1443 | B1444: 20141223 | C1444: 혁신을 디자인하라 | D1444: 포스코건설 | E1444: 교보문고 | F1444: 1 | G1444: 14000 | H1444: 11265.8
A1445: 1444 | B1445: 20141223 | C1445: 변화는 사막에도 비를 뿌린다 | D1445: 보르하 빌라세카 | E1445: 글로세움 | F1445: 1 | G1445: 13800 | H1445: 11104.86
A1446: 1445 | B1446: 20141223 | C1446: 경영 필수 상식사전 | D1446: 정재학 | E1446: 길벗 | F1446: 1 | G1446: 15000 | H1446: 12070.5
A1447: 1446 | B1447: 20141223 | C1447: 행복한 리더가 행복한 일터를 만든다 | D1447: 허남석 | E1447: 김영사 | F1447: 1 | G1447: 14000 | H1447: 11265.8
A1448: 1447 | B1448: 20141223 | C1448: 살아 있는 것들은 전략이 있다 | D1448: 서광원 | E1448: 김영사 | F1448: 1 | G1448: 15000 | H1448: 12070.5
A1449: 1448 | B1449: 20141223 | C1449: 어떻게 성공하는가 | D1449: 게리 샤피로 | E1449: 넥서스 BIZ | F1449: 1 | G1449: 14500 | H1449: 11668.15
A1450: 1449 | B1450: 20141223 | C1450: 퍼펙트 워크 | D1450: 왕중추 | E1450: 다산북스 | F1450: 1 | G1450: 15000 | H1450: 12070.5
A1451: 1450 | B1451: 20141223 | C1451: 당신의 전략을 파괴하라 | D1451: 신시아 몽고메리 | E1451: 레인메이커 | F1451: 1 | G1451: 13000 | H1451: 10461.1
... A1524: 1523 | B1524: 20141223 | C1524: 모던미팅 | D1524: 알 피탐팰리 | E1524: 끌리는책 | F1524: 1 | G1524: 12000 | H1524: 9656.4
A1525: 1524 | B1525: 20141223 | C1525: 리더는 마지막에 먹는다 | D1525: 사이먼 사이넥 | E1525: 36.5 | F1525: 1 | G1525: 17000 | H1525: 13679.9
A1526: 1525 | B1526: 20141223 | C1526: 49가지 마케팅의 법칙 | D1526: 정연승 | E1526: 한스미디어 | F1526: 1 | G1526: 16000 | H1526: 12875.2
A1527: 1526 | B1527: 20141223 | C1527: 바잉브레인 | D1527: A. K. 프라딥 | E1527: 한국경제신문사 | F1527: 1 | G1527: 16000 | H1527: 12875.2
A1528: 1527 | B1528: 20141223 | C1528: 펌프킨 플랜 | D1528: 마이크 미칼로위츠 | E1528: 페퍼민트 | F1528: 1 | G1528: 14000 | H1528: 11265.8
A1529: 1528 | B1529: 20141223 | C1529: Marketing keywords 101(마케팅 키워드 101) | D1529: 김상용 | E1529: 토트 | F1529: 1 | G1529: 15000 | H1529: 12070.5
A1530: 1529 | B1530: 20141223 | C1530: 스타트업 성공 7법칙 | D1530: 한성철 | E1530: 클라우드북스 | F1530: 1 | G1530: 14000 | H1530: 11265.8
A1531: 1530 | B1531: 20141223 | C1531: 월드 베스트 디지털 마케팅 어워드 40 | D1531: 다미안 라이언 | E1531: 크리스마스북스 | F1531: 1 | G1531: 22000 | H1531: 17703.4
A1532: 1531 | B1532: 20141223 | C1532: 끌리는 컨셉의 법칙 | D1532: 김근배 | E1532: 중앙북스 | F1532: 1 | G1532: 15000 | H1532: 12070.5
A1533: 1532 | B1533: 20141223 | C1533: 디지털 놀이터 | D1533: 김홍탁 | E1533: 중앙 M&B | F1533: 1 | G1533: 14800 | H1533: 11909.56
A1534: 1533 | B1534: 20141223 | C1534: 스토리 전쟁 | D1534: 조나 삭스 | E1534: 을유문화사 | F1534: 1 | G1534: 15000 | H1534: 12070.5
A1535: 1534 | B1535: 20141223 | C1535: 그들도 모르는 그들의 생각을 읽어라 | D1535: 로저 둘리 | E1535: 윌컴퍼니 | F1535: 1 | G1535: 17000 | H1535: 13679.9
A1536: 1535 | B1536: 20141223 | C1536: 관찰의 눈 | D1536: 얀 칩체이스 | E1536: 위너스북 | F1536: 1 | G1536: 15000 | H1536: 12070.5
A1537: 1536 | B1537: 20141223 | C1537: 아웃사이드 인 전략 | D1537: 조지 데이 | E1537: 와이즈베리 | F1537: 1 | G1537: 20000 | H1537: 16094
... A3074: 3073 | B3074: 20141110 | C3074: Mycobacterium: Molecular Microbiology | D3074: Parish | E3074: Horizonbioscience | F3074: 1 | G3074: 229 | H3074: 163187
A3075: 3074 | B3075: 20141110 | C3075: Understanding Late Devonian and Permian-Triassic Biotic and Climatic Events, Volume 20 (Developments in Palaeontology and Stratigraphy) | E3075: ELSEVIER SCIENCE | F3075: 1 | G3075: 185 | H3075: 131832
A3076: 3075 | B3076: 20141110 | C3076: Lichen Biology | D3076: Nash | E3076: Cambridge | F3076: 1 | G3076: 70 | H3076: 49882
A3077: 3076 | B3077: 20141110 | C3077: Encyclopedia of Wood: A Tree-By-Tree Guide To The World's Most Versatile Resource (Hardcover) | D3077: Aidan Walker | E3077: Facts on File | F3077: 1 | G3077: 35 | H3077: 24941
A3078: 3077 | B3078: 20141110 | C3078: Spa Journeys (Hardcover) | D3078: Linda Troeller | E3078: powerHouse Books | F3078: 1 | G3078: 29.95 | H3078: 21343
A3079: 3078 | B3079: 20141110 | C3079: Geology and sedimentology of the Korean peninsula | D3079: Chough, Sung Kwun | E3079: Elsevier | F3079: 1 | G3079: 175 | H3079: 124706
A3080: 3079 | B3080: 20141110 | C3080: Data Mining and Knowledge Discovery for Geoscientists | D3080: Shi, Guangren | E3080: Elsevier | F3080: 1 | G3080: 129.95 | H3080: 92603
A3081: 3080 | B3081: 20141110 | C3081: Geographies of the Book | D3081: Miles Ogborn and Charles W.J. Withers | E3081: Ashgate | F3081: 1 | G3081: 70 | H3081: 79027
A3082: 3081 | B3082: 20141110 | C3082: Geophysical Exploration Technology : Applications in Lithological and Stratigraphic Reservoirs | D3082: Li, Ming | E3082: Elsevier | F3082: 1 | G3082: 130 | H3082: 92639
A3083: 3082 | B3083: 20141110 | C3083: Geology and Paleontology of the Miocene Sinap Formation, Turkey (Hardcover) | D3083: Fortelius/Kappelman | E3083: Columbia University | F3083: 1 | G3083: 105 | H3083: 74824
A3084: 3083 | B3084: 20141110 | C3084: Chemistry of Natural Products | D3084: Bhat | E3084: Narosa | F3084: 1 | G3084: 170 | H3084: 121143
A3085: 3084 | B3085: 20141110 | C3085: Essentials in Modern HPLC Separations | D3085: Moldoveanu, Serban | E3085: Elsevier | F3085: 1 | G3085: 149.95 | H3085: 106855
A3086: 3085 | B3086: 20141110 | C3086: Liquid Chromatography : Applications | D3086: Fanali, Salvatore | E3086: Elsevier | F3086: 1 | G3086: 195 | H3086: 138958
A3087: 3086 | B3087: 20141110 | C3087: Liquid Chromatography : Fundamentals and Instrumentation | D3087: Fanali, Salvatore | E3087: Elsevier | F3087: 1 | G3087: 195 | H3087: 138958
... A3685: 3684 | B3685: 20150403 | C3685: 日本産アリ類図鑑 | D3685: 寺山 守 | E3685: 朝倉書店 | F3685: 1 | G3685: 9200 | H3685: 84452
A3686: 3685 | B3686: 20141223 | C3686: 하나뿐인지구1집 | D3686: VCD | F3686: 1 | G3686: 240000 | H3686: 182560
A3687: 3686 | B3687: 20141223 | C3687: 하나뿐인지구2집 | D3687: DVD | F3687: 1 | G3687: 90000 | H3687: 72000
A3688: 3687 | B3688: 20141223 | C3688: 하나뿐인지구3집 | D3688: DVD | F3688: 1 | G3688: 90000 | H3688: 72000
A3689: 3688 | B3689: 20141223 | C3689: 하나뿐인지구4집 | D3689: DVD | F3689: 1 | G3689: 90000 | H3689: 72000
A3690: 3689 | B3690: 20141223 | C3690: EBS 하나뿐인 지구 <스페셜1집> | D3690: DVD | F3690: 1 | G3690: 50000 | H3690: 40000
A3691: 3690 | B3691: 20141223 | C3691: EBS 하나뿐인 지구 <스페셜2집> | D3691: DVD | F3691: 1 | G3691: 50000 | H3691: 40000
A3692: 3691 | B3692: 20141223 | C3692: EBS 하나뿐인 지구 <베스트1집> | D3692: DVD | F3692: 1 | G3692: 50000 | H3692: 40000
A3693: 3692 | B3693: 20141223 | C3693: EBS 하나뿐인 지구 <플라스틱 인류> | D3693: DVD | F3693: 1 | G3693: 30000 | H3693: 24000
A3694: 3693 | B3694: 20141223 | C3694: 휴먼플래닛 | D3694: DVD | F3694: 1 | G3694: 45100 | H3694: 36080
A3695: 3694 | B3695: 20141223 | C3695: 야생의 오카방고 | D3695: DVD | F3695: 1 | G3695: 39600 | H3695: 31680
A3696: 3695 | B3696: 20141223 | C3696: 아마존의 눈물 | D3696: DVD | F3696: 1 | G3696: 39600 | H3696: 31680
A3697: 3696 | B3697: 20141223 | C3697: 남극의 눈물 | D3697: DVD | F3697: 1 | G3697: 39600 | H3697: 31680
... A3700: 3699 | B3700: 20141223 | C3700: KBS 환경스페셜 ‘적도’ | D3700: DVD | F3700: 1 | G3700: 33000 | H3700: 26400
A3701: 3700 | B3701: 20150615 | C3701: EBS 하나뿐인 지구 <베스트 2집> | D3701: DVD | F3701: 1 | G3701: 50000 | H3701: =G3701*0.8*F3701 -> 40000
A3702: 3701 | B3702: 20150615 | C3702: BBC 생명의 강 갠지스 | D3702: DVD | F3702: 1 | G3702: 49500 | H3702: =G3702*0.8*F3702 -> 39600
A3703: 3702 | B3703: 20150615 | C3703: 공룡의 땅 | D3703: DVD | F3703: 1 | G3703: 25300 | H3703: =G3703*0.8*F3703 -> 20240
A3704: 3703 | B3704: 20150623 | C3704: 본타 : 땅콩왕국의 전설 | D3704: DVD | F3704: 1 | G3704: 22000 | H3704: 17600
A3705: 3704 | B3705: 20150623 | C3705: 풍경 | D3705: DVD | F3705: 1 | G3705: 25300 | H3705: 20240
A3706: 3705 | B3706: 20150623 | C3706: 곤충왕국 | D3706: DVD | F3706: 1 | G3706: 25300 | H3706: 20240
A3707: 3706 | B3707: 20150623 | C3707: 프랑스인 김명실 | D3707: DVD | F3707: 1 | G3707: 25300 | H3707: 20240
A3708: 3707 | B3708: 20150623 | C3708: 백 투 더 씨 | D3708: DVD | F3708: 1 | G3708: 25300 | H3708: 20240
A3709: 3708 | B3709: 20150623 | C3709: 독도의 영웅 | D3709: DVD | F3709: 1 | G3709: 12000 | H3709: 9600
A3710: 3709 | B3710: 20150623 | C3710: 우포늪의 사람들 | D3710: DVD | F3710: 1 | G3710: 25000 | H3710: 20000
...

Sheet Sheet1
